 Dungeon Crawl Stone Soup version 0.23-a0-169-gb21e695 (webtiles) character file.

12423052 soark the Archmage (level 27, 190/190 HPs)
             Began as a Deep Elf Conjurer on Sept 10, 2018.
             Was the Champion of Vehumet.
             Escaped with the Orb
             ... and 15 runes on Sept 11, 2018!
             The game lasted 13:17:45 (131047 turns).

soark the Archmage (Deep Elf Conjurer)            Turns: 131047, Time: 13:17:46

Health: 190/190    AC: 22    Str:  8 (10) XL:     27
Magic:  11/56      EV: 31    Int: 43      God:    Vehumet [******]
Gold:   10236      SH: 11    Dex: 24      Spells: 0/80 levels left

rFire    + + .     SeeInvis +   a - staff of energy
rCold    + . .     Gourm    .   z - +3 buckler of the Blind Marksman {Int+3}
rNeg     + . .     Faith    .   f - +4 ring mail of the Good {rElec rCorr Int-3 Dex+7}
rPois    +         Spirit   .   R - +2 helmet {Int+3}
rElec    +         Reflect  .   P - scarf {rC+ rF+}
rCorr    +         Harm     .   F - +2 pair of gloves {Str+3}
MR       +++++     Clarity  +   C - +2 pair of boots {run}
Stlth    +.........             l - amulet of the Four Winds {rN+ MR+++ Clar}
HPRegen  0.41/turn              h - +6 ring of intelligence
MPRegen  0.35/turn              S - ring "Luomod" {rCorr rPois rF+ MR+ SInv}

@: studying 2 skills, quick
A: agile 1, inhibited regeneration, strong 1, evolution 1
0: Orb of Zot
}: 15/15 runes: decaying, slimy, silver, golden, iron, obsidian, icy, bone,
abyssal, demonic, glowing, magical, fiery, dark, gossamer
a: Renounce Religion


You escaped.
You worshipped Vehumet.
Vehumet was exalted by your worship.
You were not hungry.

You visited 17 branches of the dungeon, and saw 89 of its levels.
You visited Pandemonium 2 times, and saw 14 of its levels.
You visited the Abyss 1 time.
You visited 1 bazaar.
You also visited: Bailey, Ice Cave and Wizlab.

You collected 17198 gold pieces.
You spent 6962 gold pieces at shops.

Inventory:

Hand Weapons
 b - the +6 dagger of Purpose {elec, rN+ Str+2 Stlth+}
   (You found it on level 5 of the Pits of Slime)

   Occasionally, upon striking a foe, it will discharge some electrical energy
   and cause terrible harm.
   It affects your strength (+2).
   It protects you from negative energy.
   It makes you more stealthy.
Armour
 f - the +4 ring mail of the Good (worn) {rElec rCorr Int-3 Dex+7}
   (You found it on level 5 of the Vaults)

   It affects your intelligence (-3).
   It affects your dexterity (+7).
   It insulates you from electricity.
   It provides partial protection from all sources of acid and corrosion.
 s - the +4 moon troll leather armour {Spirit, Regen++ MP+5}
   (You bought it in a shop on level 1 of the Depths)

   It affects your magic capacity (+5).
   It increases your rate of regeneration.
 z - the +3 buckler of the Blind Marksman (worn) {Int+3}
   (You bought it in a shop on level 1 of the Depths)

   It affects your intelligence (+3).
 C - a +2 pair of boots of running (worn)
 F - a +2 pair of gloves of strength (worn)
 P - a scarf of resistance (worn)
 R - a +2 helmet of intelligence (worn)
 U - the +4 dragonskin cloak
   (You took it off Tiamat on level 5 of the Realm of Zot)
Magical Staves
 a - an uncursed staff of energy (weapon)
 Q - an uncursed staff of conjuration
Jewellery
 h - a +6 ring of intelligence (left hand)
 l - the amulet of the Four Winds (around neck) {rN+ MR+++ Clar}
   (You found it on level 7 of the Iron City of Dis)

   [amulet of nothing]

   It protects you from negative energy.
   It affects your resistance to hostile enchantments.
   It protects you against confusion.
 n - the ring "Vuucebba" {rElec MR+ MP+9}
   (You acquired it in Pandemonium)

   [ring of magical power]

   It insulates you from electricity.
   It affects your resistance to hostile enchantments.
   It affects your magic capacity (+9).
 y - a +6 ring of protection
 S - the ring "Luomod" (right hand) {rCorr rPois rF+ MR+ SInv}
   (You found it on level 1 of the Depths)

   [ring of resist corrosion]

   It protects you from fire.
   It protects you from poison.
   It affects your resistance to hostile enchantments.
   It lets you see invisible.
Wands
 m - a wand of clouds (13)
 A - a wand of iceblast (41)
 N - a wand of acid (27)
 W - a wand of scattershot (6)
 Z - a wand of digging (67)
Scrolls
 d - 8 scrolls of amnesia
 e - 17 scrolls of teleportation
 g - 9 scrolls of immolation
 j - 41 scrolls of remove curse
 p - 4 scrolls of blinking
 r - 10 scrolls of magic mapping
 v - 17 scrolls of fear
 x - 15 scrolls of fog
 D - 4 scrolls of silence
 E - 16 scrolls of identify
 J - 5 scrolls of summoning
 K - 11 scrolls of enchant armour
 O - 11 scrolls of enchant weapon
 Y - 3 scrolls of holy word
Potions
 i - a potion of haste
 k - 3 potions of agility
 o - 12 potions of heal wounds
 q - 26 potions of curing
 t - 8 potions of magic
 u - 7 potions of lignification
 w - 9 potions of brilliance
 B - 11 potions of flight
 G - 3 potions of berserk rage
 H - 12 potions of might
 I - 4 potions of invisibility
 M - 6 potions of cancellation
 T - 3 potions of resistance
Books
 V - a manual of Staves
 X - a manual of Air Magic
Miscellaneous
 L - a figurine of a ziggurat
Comestibles
 c - 48 rations


   Skills:
 - Level 24.2 Fighting
 - Level 14.0 Staves
 - Level 11.1 Armour
 O Level 27 Dodging
 - Level 2.4 Stealth
 - Level 9.2 Shields
 O Level 27 Spellcasting
 - Level 26.3 Conjurations
 - Level 18.5 Necromancy
 - Level 17.0 Translocations
 - Level 21.3 Fire Magic
 + Level 21.9 Air Magic
 - Level 22.8 Earth Magic
 * Level 23.7 Evocations


You couldn't memorise any spells.
You knew the following spells:

 Your Spells              Type           Power        Failure   Level  Hunger
a - Lehudib's Crystal Sp  Conj/Erth      ########..   1%          8    None
b - Orb of Destruction    Conj           ########..   0%          7    None
c - Shatter               Erth           ########..   1%          9    None
d - Tornado               Air            ########..   2%          9    None
e - Bolt of Magma         Conj/Fire/Erth ########..   0%          5    None
f - Fire Storm            Conj/Fire      ########..   1%          9    None
g - Bolt of Fire          Conj/Fire      ########..   0%          6    None
h - Statue Form           Tmut/Erth      ########.    1%          6    None
i - Ignition              Fire           ########..   1%          8    None
j - Controlled Blink      Tloc           N/A          3%          8    None
k - Regeneration          Chrm/Necr      #######...   1%          3    None
n - Sublimation of Blood  Necr           ########..   0%          2    None

Your spell library contained the following spells:

 Spells                   Type           Power        Failure   Level  Hunger
 Glaciate                 Conj/Ice       ########..   54%         9    None
 Animate Skeleton         Necr           N/A          0%          1    None
 Apportation              Tloc           ######       0%          1    None
 Flame Tongue             Conj/Fire      #####        0%          1    None
 Magic Dart               Conj           ####         0%          1    None
 Pain                     Necr           ####         0%          1    None
 Sandblast                Erth           ######       0%          1    None
 Sting                    Conj/Pois      ####         0%          1    None
 Blink                    Tloc           N/A          0%          2    None
 Corpse Rot               Necr           N/A          0%          2    None
 Passwall                 Tmut/Erth      ########     0%          2    None
 Poisonous Vapours        Pois/Air       ######       0%          2    None
 Searing Ray              Conj           ######       0%          2    None
 Swiftness                Chrm/Air       ########     0%          2    None
 Throw Flame              Conj/Fire      ######       0%          2    None
 Throw Frost              Conj/Ice       ######       0%          2    None
 Conjure Flame            Conj/Fire      ########     0%          3    None
 Dazzling Spray           Conj/Hex       ######       0%          3    None
 Gell's Gravitas          Tloc           ########..   0%          3    None
 Inner Flame              Hex/Fire       #######.     0%          3    None
 Lesser Beckoning         Tloc           ########..   0%          3    None
 Mephitic Cloud           Conj/Pois/Air  ########     0%          3    None
 Static Discharge         Conj/Air       ########     0%          3    None
 Stone Arrow              Conj/Erth      ######       0%          3    None
 Teleport Other           Tloc           ########     0%          3    None
 Vampiric Draining        Necr           ########..   0%          3    None
 Animate Dead             Necr           N/A          0%          4    None
 Force Lance              Conj/Tloc      ########     0%          4    None
 Iskenderun's Mystic Bla  Conj           ########     0%          4    None
 Sticky Flame             Conj/Fire      ########     0%          4    None
 Bolt of Draining         Conj/Necr      ########..   0%          5    None
 Borgnjor's Vile Clutch   Necr/Erth      ########..   0%          5    None
 Dispel Undead            Necr           ########     0%          5    None
 Fireball                 Conj/Fire      ########..   0%          5    None
 Lee's Rapid Deconstruct  Erth           ########..   0%          5    None
 Lightning Bolt           Conj/Air       ########..   0%          5    None
 Conjure Ball Lightning   Conj/Air       ########..   0%          6    None
 Iron Shot                Conj/Erth      ########..   0%          6    None
 Beastly Appendage        Tmut           ######       1%          1    None
 Confusing Touch          Hex            ######       1%          1    None
 Corona                   Hex            ######.      1%          1    None
 Freeze                   Ice            ####         1%          1    None
 Infusion                 Chrm           ####         1%          1    None
 Summon Butterflies       Summ           ######..     1%          1    None
 Summon Small Mammal      Summ           ####         1%          1    None
 Call Imp                 Summ           ######..     1%          2    None
 Ensorcelled Hibernation  Hex/Ice        ######       1%          2    None
 Shroud of Golubria       Chrm/Tloc      #######...   1%          2    None
 Slow                     Hex            ######..     1%          2    None
 Song of Slaying          Chrm           ######..     1%          2    None
 Sticks to Snakes         Tmut           ######..     1%          2    None
 Call Canine Familiar     Summ           ######..     1%          3    None
 Confuse                  Hex            ######..     1%          3    None
 Ignite Poison            Fire/Tmut/Pois #######.     1%          3    None
 Ozocubu's Armour         Chrm/Ice       ######..     1%          3    None
 Portal Projectile        Hex/Tloc       ######       1%          3    None
 Recall                   Summ/Tloc      N/A          1%          3    None
 Spectral Weapon          Hex/Chrm       ######..     1%          3    None
 Spider Form              Tmut/Pois      ######....   1%          3    None
 Summon Guardian Golem    Hex/Summ       ######..     1%          3    None
 Tukima's Dance           Hex            ######..     1%          3    None
 Fulminant Prism          Conj/Hex       ########..   1%          4    None
 Leda's Liquefaction      Hex/Erth       ########..   1%          4    None
 Olgreb's Toxic Radiance  Pois           ######..     1%          4    None
 Petrify                  Tmut/Erth      ########     1%          4    None
 Summon Lightning Spire   Summ/Air       ########     1%          4    None
 Throw Icicle             Conj/Ice       ########     1%          4    None
 Excruciating Wounds      Chrm/Necr      #######...   1%          5    None
 Irradiate                Conj/Tmut      ########..   1%          5    None
 Iskenderun's Battlesphe  Conj/Chrm      ########     1%          5    None
 Silence                  Hex/Air        ########..   1%          5    None
 Summon Forest            Summ/Tloc      #######...   1%          5    None
 Venom Bolt               Conj/Pois      ########..   1%          5    None
 Bolt of Cold             Conj/Ice       ########..   1%          6    None
 Death Channel            Necr           ########..   1%          6    None
 Deflect Missiles         Chrm/Air       ########..   1%          6    None
 Dispersal                Tloc           ########..   1%          6    None
 Freezing Cloud           Conj/Ice/Air   ########..   1%          6    None
 Poison Arrow             Conj/Pois      ########..   1%          6    None
 Simulacrum               Ice/Necr       #######...   1%          6    None
 Spellforged Servitor     Conj/Summ      ########..   1%          7    None
 Chain Lightning          Conj/Air       ########..   1%          8    None
 Disjunction              Tloc           ########..   3%          8    None
 Yara's Violent Unravell  Hex/Tmut       ######....   4%          5    None
 Cause Fear               Hex            ######....   6%          4    None
 Ice Form                 Ice/Tmut       ######..     6%          4    None
 Summon Ice Beast         Ice/Summ       ######..     6%          4    None
 Ring of Flames           Chrm/Fire      #######...   6%          7    None
 Alistair's Intoxication  Tmut/Pois      ######..     16%         5    None
 Aura of Abjuration       Summ           ######....   16%         5    None
 Blade Hands              Tmut           ######....   16%         5    None
 Metabolic Englaciation   Hex/Ice        ######....   16%         5    None
 Summon Demon             Summ           ######....   16%         5    None
 Summon Mana Viper        Hex/Summ       ######..     16%         5    None
 Ozocubu's Refrigeration  Ice            ######....   22%         6    None
 Darkness                 Hex            ######....   65%         6    None
 Hydra Form               Tmut           ######....   65%         6    None
 Invisibility             Hex            ######..     65%         6    None
 Shadow Creatures         Summ           N/A          65%         6    None
 Dragon Form              Tmut           ######....   99%         7    None
 Summon Hydra             Summ           ######....   99%         7    None
 Discord                  Hex            ######....   100%        8    None
 Dragon's Call            Summ           ######....   100%        9    None
 Passage of Golubria      Tloc           Unusable     N/A         4    N/A

Dungeon Overview and Level Annotations

Branches:
Dungeon (15/15)            Temple (0/1) D:6            Lair (6/6) D:8
  Swamp (4/4) Lair:2       Spider (4/4) Lair:4        Slime (5/5) Lair:6
    Orc (2/2) D:11            Elf (3/3) Orc:2        Vaults (5/5) D:13
  Crypt (3/3) Vaults:2       Tomb (3/3) Crypt:3      Depths (5/5) D:15
   Hell (1/1)                 Dis (7/7) Hell            Geh (7/7) Hell
    Coc (7/7) Hell            Tar (7/7) Hell            Zot (5/5) Depths:5

Altars:
Dithmenos
Elyvilon
Fedhas
Gozag
Kikubaaqudgha
Makhleb
Nemelex Xobeh
Okawaru
Qazlal
Ru
Sif Muna
Trog
Uskayaw
Vehumet
Wu Jian
Xom
Beogh
Jiyva

Shops:
D:7 !   D:9 *   D:13 !   Orc:2 ==[*(   Elf:3 *   Vaults:1 :   Vaults:3 :
Vaults:4 !   Depths:1 (%[*

Portals:
Hell: Depths:1 Depths:2 Depths:3 Depths:4 Depths:5
Abyss: Depths:3 Depths:4 Depths:5
Pandemonium: Depths:1 Depths:3 Depths:4
Ziggurat: Depths:5
Trove: Elf:2 (lose all piety)


Innate Abilities, Weirdness & Mutations

You are agile. (Dex +2)
You do not regenerate when monsters are visible.
Your muscles are strong. (Str +2)
You evolve.


Message History

Confirm with . or Enter, or press ? or * to list all spells.
The dungeon rumbles!
You kill the hellion!
Vehumet accepts your kill.
You feel your power returning.
Ka-crash!
You hear a loud, deep croak!
Casting: Shatter (safe; 1% risk of failure)
Confirm with . or Enter, or press ? or * to list all spells.
You can't see any susceptible monsters within range! (Use Z to cast anyway.) Unknown command.
Casting: Shatter (safe; 1% risk of failure)
Confirm with . or Enter, or press ? or * to list all spells.
You can't see any susceptible monsters within range! (Use Z to cast anyway.)
Casting: Shatter (safe; 1% risk of failure)
Confirm with . or Enter, or press ? or * to list all spells.
A great vortex of raging winds appears and lifts you up.
Your skin stops crawling.
The winds around you start to calm down.
You float gracefully downwards.
You have escaped!

## ###########
######..#..§.##.§.#
#...^#......§..§§.##
#.⌠.........§§..@§.#
#........⌠..§§§.§.##
#....#.....§§§..§§§#
.##.........§#§§#.##
.....#.....§.#..#.#
...♣#........§#..§#
......##...#.#.....
...........#..♣...##
.#...............♣


There were no monsters in sight!

Vanquished Creatures
  Cerebov (Pan)
  Asmodeus (Geh:7)
  Antaeus (Coc:7)
  6 pandemonium lords (Pan)
  the Royal Jelly (Slime:5)
  Ereshkigal (Tar:7)
  Gloorx Vloq (Pan)
  the Serpent of Hell (Coc:7)
  Mnoleg (Pan)
  A seraph (Pan)
  Lom Lobon (Pan)
  9 ancient liches
  Tiamat (Zot:5)
  Dispater (Dis:7)
  Mennas (Depths:4)
  Mara (Vaults:3)
  6 orbs of fire
  A juggernaut (Abyss:4)
  Boris (Tomb:3)
  the Lernaean hydra (Swamp:4)
  28 greater mummies
  Frederick (Depths:4)
  12 shard shrikes
  Saint Roka (Depths:5)
  5 curse toes
  4 Killer Klowns
  5 caustic shrikes
  Xtahua (Vaults:4)
  Geryon (Hell)
  Jory (Crypt:2)
  The ghost of Vanaq the Hoplite, a master VSFi of Hepliaklqana (Zot:3)
  12 golden dragons
  15 bone dragons
  10 iron giants
  20 Tzitzimimeh
  7 doom hounds
  The ghost of vogonpoet the Sorcerer, an adept SpWn of Ashenzari (Depths:5)
  5 electric golems
  22 Brimstone Fiends
  23 tentacled monstrosities
  11 Hell Sentinels
  16 Ice Fiends
  20 liches
  26 Orb Guardians
  5 titans
  16 quicksilver dragons
  4 tentacled starspawn (Abyss:4)
  23 acid blobs
  4 deep elf blademasters (Elf:3)
  21 Executioners
  4 deep elf master archers (Elf:3)
  10 death cobs
  13 sphinxes
  Kirke (Spider:2)
  3 thorn hunters
  28 ancient champions
  9 tengu reavers
  2 eldritch tentacles
  10 shadow dragons
  Roxanne (Elf:1)
  12 storm dragons
  Donald (Elf:2)
  9 azure jellies
  3 daevas (Pan)
  6 draconian monks
  7 deep elf sorcerers
  12 frost giants
  5 revenants
  14 fire giants
  5 emperor scorpions
  8 draconian knights
  10 iron dragons
  4 ghost moths
  7 draconian shifters
  Louise (Swamp:3)
  An orc warlord (Orc:2)
  37 balrugs
  12 ghouls
  4 curse skulls
  23 cacodemons
  6 deep elf elementalists
  20 vault wardens
  A juggernaut zombie (Depths:2)
  5 draconian scorchers
  19 angels
  12 draconian annihilators
  2 warmongers (Pan)
  12 ophanim
  63 reapers
  4 draconian stormcallers
  3 spriggan defenders
  4 elemental wellsprings
  16 ironheart preservers
  5 blood saints (Pan)
  15 war gargoyles
  17 stone giants
  16 bennus
  32 very ugly things
  5 corrupters (Pan)
  5 lorocyprocas
  9 vampire knights
  The ghost of Goofits the Unseen, a journeyman HaGl of Dithmenos (Lair:5)
  9 entropy weavers
  7 apis (Pan)
  3 deep elf demonologists
  11 black draconians
  13 deep elf annihilators
  15 white draconians
  5 black suns (Pan)
  10 green draconians
  17 purple draconians
  5 spark wasps
  21 red draconians
  8 yellow draconians
  9 statues (WizLab)
  5 quicksilver dragon zombies
  13 deep elf death magi
  7 eidola
  34 blizzard demons
  Snorg (D:10)
  11 green deaths (Pan)
  11 fire dragons
  6 ettins
  10 death oozes (Slime:5)
  2 spectral krakens (Tar:7)
  A merfolk impaler (Depths:5)
  4 deep elf high priests
  Josephine (Orc:1)
  23 ogre magi
  8 jiangshi
  23 mummy priests
  A kraken zombie (Coc:5)
  Fannar (D:10)
  11 great orbs of eyes
  3 hell beasts
  12 yaktaur captains
  5 monstrous demonspawn (Pan)
  18 hydras
  11 rakshasas
  4 quicksilver dragon skeletons
  41 vault guards
  3 ghost crabs (Swamp:3)
  4 spriggan air magi
  10 centaur warriors
  An anaconda (shapeshifter) (Vaults:5)
  36 ice dragons
  5 alligators
  5 death knights
  4 shambling mangroves
  28 dancing weapons
  45 two-headed ogres
  A death yak (shapeshifter) (Depths:1)
  9 deep troll earth magi
  A merfolk avatar (Lair:6)
  7 tengu warriors
  7 death yaks
  14 vampire magi
  4 deep troll shamans
  The ghost of PegasusDuck the Conjurer, a novice DsFE of Cheibriados (D:8)
  3 orc high priests
  20 hell hogs
  15 titan zombies
  25 death scarabs
  Sonja (Lair:2)
  5 spriggan berserkers (Depths:5)
  The ghost of tsouns the Lord of Darkness, a novice OpNe of Kikubaaqudgha (D:10)
  57 hell knights
  A shock serpent (shapeshifter) (Vaults:5)
  13 iron golems
  3 shock serpents (Pan)
  9 thrashing horrors
  40 large abominations
  14 deep elf knights
  54 soul eaters
  A salamander mystic (Depths:3)
  24 sixfirhies
  19 small abominations
  10 titan skeletons
  40 sun demons
  A fire crab (Geh:4)
  4 iron trolls
  10 storm dragon zombies
  8 storm dragon skeletons
  9 shadow wraiths
  8 glowing orange brains
  142 skeletal warriors
  9 wretched stars
  7 golden dragon zombies
  10 cherubim
  17 anaconda zombies
  A death drake (Abyss:4)
  A spatial maelstrom (Abyss:4)
  8 infernal demonspawn (Pan)
  10 swamp dragons
  27 deep trolls
  A spark wasp zombie (Hell)
  6 gelid demonspawn (Pan)
  3 spectral wolf spiders (Spider:4)
  8 unseen horrors
  6 torturous demonspawn
  28 shadow demons
  10 deep elf archers
  3 ghost moth zombies
  14 flayed ghosts
  A shadow dragon zombie (Depths:3)
  4 golden dragon skeletons
  5 starcursed masses
  10 anaconda skeletons
  8 iron dragon zombies
  15 wizards
  2 orange crystal statues
  18 phantasmal warriors
  24 ironbrand convokers
  4 lindwurms (D:12)
  An obsidian statue (Zot:3)
  7 orc sorcerers
  21 necromancers
  19 orc knights
  7 shadow dragon skeletons
  2 sphinx zombies (Vaults:1)
  A mana viper (Abyss:4)
  23 wolf spiders
  3 harpies (Lair:6)
  13 orb spiders
  64 deep elf magi
  8 shining eyes
  7 wolf spider zombies
  16 frost giant zombies
  3 salamanders (Depths:3)
  2 manticores (D:15)
  15 fire giant zombies
  2 worldbinders
  11 stone giant zombies
  A manticore (shapeshifter) (Elf:2)
  8 dire elephant zombies
  2 salamanders (shapeshifter)
  47 moths of wrath
  36 ugly things
  69 rust devils
  4 oklob plants (Lair:4)
  11 stone giant skeletons
  8 fire giant skeletons
  9 vault sentinels
  3 frost giant skeletons
  5 iron dragon skeletons
  4 spriggan zombies
  4 elephants
  An apocalypse crab (Abyss:4)
  4 ice statues
  2 titan simulacra
  6 black mambas
  A guardian serpent (shapeshifter) (Vaults:2)
  Maurice (D:8)
  A shock serpent skeleton (Crypt:3)
  3 eyes of devastation
  2 shock serpent zombies
  2 naga magi
  9 molten gargoyles
  34 smoke demons
  27 orange demons
  2 gargoyles (D:12)
  16 spiny frogs
  43 hellions
  4 dire elephant skeletons
  A rime drake (shapeshifter) (Vaults:3)
  7 spectral swamp worms (Tar:7)
  A swamp worm zombie (Crypt:3)
  4 redback zombies (Spider:4)
  2 rime drakes (Lair:6)
  2 spectral redbacks (Spider:4)
  An alligator snapping turtle skeleton (Crypt:3)
  3 emperor scorpion zombies
  A catoblepas zombie (Coc:6)
  13 demonic crawlers
  2 yaktaurs (shapeshifter)
  57 yaktaurs
  11 komodo dragons
  16 efreet
  A golden dragon simulacrum (Crypt:2)
  An anaconda simulacrum (Coc:7)
  2 minotaur skeletons
  50 tormentors
  A ghost moth simulacrum (Coc:7)
  17 hellwings
  46 freezing wraiths
  2 catoblepas skeletons
  2 silent spectres
  25 polar bears
  A red draconian zombie (Dis:7)
  A yaktaur skeleton (Vaults:5)
  6 harpy zombies
  20 hydra zombies
  7 ancient zymes
  42 guardian mummies
  A komodo dragon (shapeshifter) (Vaults:2)
  42 ice devils
  2 tengu conjurers
  8 trolls
  2 wind drakes (Lair:6)
  33 hornets
  51 red devils
  3 spectral tarantellas (Spider:4)
  7 harpy skeletons
  A tengu simulacrum (Vaults:4)
  8 blink frogs (Abyss:4)
  8 tyrant leeches
  A hornet (shapeshifter) (Depths:2)
  Prince Ribbit (D:6)
  35 jumping spiders
  2 tarantella zombies (Spider:4)
  24 bog bodies
  A death drake skeleton (Crypt:3)
  10 fire dragon zombies
  12 alligator zombies
  10 ice dragon zombies
  4 spectral jumping spiders (Spider:4)
  5 dream sheep (Lair:3)
  14 hippogriffs
  14 raiju
  A blink frog (shapeshifter) (Depths:2)
  7 hydra skeletons
  133 slime creatures
  A fire giant simulacrum (Coc:3)
  2 jumping spider zombies (Spider:4)
  152 flying skulls
  2 stone giant simulacra
  A meliai zombie (D:15)
  A raiju (shapeshifter) (Depths:1)
  A deep troll zombie (Hell)
  7 ettin zombies
  14 ettin skeletons
  70 redbacks
  24 tarantellas
  6 vampires
  38 shadows
  10 fire dragon skeletons
  16 ynoxinuls
  2 spriggans (shapeshifter)
  14 water elementals
  2 air elementals
  3 black mamba zombies
  Sigmund (D:3)
  2 black mamba skeletons
  A yak (shapeshifter) (Depths:2)
  5 ice dragon skeletons
  Eustachio (D:7)
  11 spriggans
  5 wyverns
  A fire bat (shapeshifter) (Vaults:1)
  3 alligator skeletons
  2 humans (D:13)
  A wyvern (shapeshifter) (Depths:2)
  48 wraiths
  38 yaks
  4 hogs (Spider:2)
  7 ushabtiu
  A golden eye (shapeshifter) (Depths:2)
  2 basilisks
  3 elf skeletons
  Grum (D:11)
  11 chaos spawn
  2 yaktaur simulacra
  43 fire elementals
  A basilisk (shapeshifter) (Depths:1)
  23 neqoxecs
  12 vampire mosquitoes
  A human simulacrum (Vaults:1)
  8 golden eyes
  Menkaure (D:6)
  3 hungry ghosts
  7 wargs
  A glowing shapeshifter zombie (Crypt:2)
  4 insubstantial wisps (Swamp:3)
  A monstrous demonspawn zombie (Crypt:1)
  2 spatial vortices
  15 swamp worms
  An infernal demonspawn zombie (Dis:7)
  19 spiny frog zombies
  2 floating eyes
  50 hell hounds
  A soldier ant (shapeshifter) (Elf:3)
  A water moccasin (shapeshifter) (Vaults:4)
  15 water moccasins
  A torturous demonspawn skeleton (Crypt:1)
  A hydra simulacrum (Hell)
  3 spiny frog skeletons
  14 swamp drakes
  9 porcupines
  2 manticore zombies
  6 human zombies
  5 sky beasts
  3 snapping turtle zombies
  3 hornet zombies
  56 orc warriors
  A spectral hornet (Spider:4)
  A merfolk skeleton (Geh:7)
  12 eyes of draining
  16 phantoms
  11 boggarts
  9 ice beasts
  19 necrophages
  A tengu (shapeshifter) (Depths:2)
  A dream sheep zombie (Crypt:1)
  An eye of draining (shapeshifter) (Vaults:1)
  31 ogres
  2 manticore skeletons
  2 swamp dragon zombies
  4 snapping turtle skeletons
  32 wolves
  23 centaurs
  15 crocodiles
  4 big kobolds
  3 swamp dragon skeletons
  3 human skeletons
  A crocodile (shapeshifter) (Vaults:3)
  A komodo dragon zombie (Crypt:2)
  21 bullfrogs
  10 elf zombies
  2 gnoll sergeants (D:7)
  A spiny frog simulacrum (Hell)
  A hippogriff skeleton (Crypt:2)
  A wyvern skeleton (D:15)
  3 scorpions
  A snapping turtle simulacrum (Crypt:3)
  A polar bear skeleton (Crypt:2)
  A vampire bat (Orc:2)
  63 wights
  5 howler monkeys
  14 crimson imps
  3 bullfrog zombies
  6 quasits
  8 centaur zombies
  13 jellies
  Crazy Yiuf (D:2)
  20 orc priests
  2 bullfrog skeletons
  10 hounds
  22 orc wizards
  10 centaur skeletons
  34 iron imps
  Terence (D:2)
  Jessica (D:4)
  Natasha (D:2)
  3 iguanas
  13 worker ants
  6 hell rats (Lair:4)
  A naga zombie (Geh:4)
  3 tengu zombies
  A sky beast zombie (Crypt:3)
  An ogre zombie (Crypt:2)
  2 naga skeletons
  A big kobold skeleton (Crypt:2)
  3 ogre skeletons
  3 tengu skeletons
  47 mummies
  A hound skeleton (D:4)
  Robin (D:2)
  A howler monkey skeleton (D:10)
  15 adders
  7 gnolls
  14 shadow imps
  20 white imps
  8 oozes
  4 ufetubi
  A worm zombie (Crypt:1)
  An adder zombie (D:9)
  2 iguana skeletons
  4 worms
  3 dart slugs
  4 leopard geckos
  113 orcs
  14 bats
  8 giant cockroaches
  15 goblins
  10 hobgoblins
  12 jackals
  4 quokkas
  A ball python (D:3)
  8 frilled lizards
  A jackal skeleton (D:4)
  2 jackal zombies
  32 kobolds
  An orc skeleton (Geh:7)
  An orc zombie (Crypt:3)
  2 quokka skeletons
  10 rats
  9 crawling corpses
  132 fire vortices
  A plant (Lair:4)
  4 starspawn tentacles (Abyss:4)
  4 tentacles (Tar:7)
  2 toadstools (Swamp:1)
5489 creatures vanquished.

Vanquished Creatures (collateral kills)
  3 greater mummies
  An acid blob (Slime:5)
  A tengu reaver (Vaults:5)
  2 storm dragons
  2 azure jellies (Slime:5)
  A revenant (Tomb:1)
  A shadow dragon (Depths:5)
  A balrug (Geh:7)
  An ironheart preserver (Vaults:3)
  An ophan (Pan)
  A very ugly thing (Depths:5)
  A black sun (Pan)
  An apis (Pan)
  A yellow draconian (Zot:2)
  A white draconian (Zot:5)
  A green death (Pan)
  A monstrous demonspawn (Pan)
  An ice dragon (Coc:7)
  A great orb of eyes (Slime:2)
  A vampire mage (Vaults:2)
  An ogre mage (Vaults:2)
  2 skeletal warriors
  A cherub (Pan)
  A deep troll (Vaults:4)
  A deep elf mage (Elf:3)
  An orange demon (Pan)
  An ice devil (Coc:5)
  A slime creature (Slime:1)
  A neqoxec (Pan)
  A necrophage (Crypt:3)
  A spiny frog simulacrum (Hell)
  A wight (Coc:1)
  An ogre skeleton (Pan)
  2 mummies (Tomb:3)
  A shadow imp (Tar:7)
  A white imp (Coc:4)
  2 orcs
  A rat skeleton (Crypt:2)
45 creatures vanquished.

Vanquished Creatures (others)
  6 eldritch tentacles
  A stone giant (Vaults:5)
  A blizzard demon (Coc:1)
  5 yaktaur captains
  An ogre mage (Depths:2)
  20 death scarabs (Tomb:2)
  A tengu warrior (Depths:5)
  A skeletal warrior (Dis:3)
  A storm dragon skeleton (Tomb:2)
  A stone giant zombie (Hell)
  A shock serpent zombie (Tomb:2)
  An orange demon (Pan)
  2 hellions (Geh:7)
  3 blink frogs (Abyss:4)
  3 flying skulls (Tomb:2)
  A fire dragon skeleton (Geh:7)
  A ynoxinul (Abyss:4)
  An infernal demonspawn skeleton (Geh:7)
  An ice beast (Abyss:4)
  A wyvern skeleton (D:13)
  2 small abominations (Abyss:4)
  A mummy (Tomb:2)
  An orc skeleton (Geh:2)
  A crawling corpse (Elf:3)
  660 fire vortices
  11 fungi
  2 lurking horrors
  9 plants
  6 starspawn tentacles
  4 tentacles (Tar:7)
  4 toadstools (Swamp:1)
754 creatures vanquished.

Grand Total: 6288 creatures vanquished

Notes
Turn   | Place    | Note
-------+----------+-------------------------------------------
     0 | D:1      | soark the Deep Elf Conjurer began the quest for the Orb.
     0 | D:1      | Reached XP level 1. HP: 10/10 MP: 6/6
   117 | D:1      | Reached XP level 2. HP: 15/15 MP: 0/8
   447 | D:1      | Reached skill level 5 in Conjurations
   637 | D:1      | Reached XP level 3. HP: 19/19 MP: 7/10
  1242 | D:1      | Learned a level 2 spell: Searing Ray
  1509 | D:2      | Reached XP level 4. HP: 24/24 MP: 9/12
  2002 | D:2      | Noticed Robin
  2015 | D:2      | Noticed Terence
  2140 | D:2      | Reached XP level 5. HP: 28/28 MP: 5/13
  2157 | D:2      | Killed Robin
  2353 | D:2      | Killed Terence
  2527 | D:2      | Noticed an ogre
  2531 | D:2      | Killed an ogre
  2531 | D:2      | Reached skill level 5 in Spellcasting
  2531 | D:2      | Reached XP level 6. HP: 32/32 MP: 11/16
  2590 | D:2      | Found a runed door.
  2626 | D:2      | Noticed Crazy Yiuf
  2629 | D:2      | Killed Crazy Yiuf
  2693 | D:2      | Found a radiant altar of Vehumet.
  2695 | D:2      | Found a burning altar of Makhleb.
  2701 | D:2      | Became a worshipper of Vehumet
  2797 | D:2      | Found an opulent altar of Gozag.
  2818 | D:2      | Noticed Natasha
  2824 | D:2      | Killed Natasha
  2921 | D:3      | Found a sparkling altar of Nemelex Xobeh.
  3381 | D:3      | Found a hide-covered altar of Uskayaw.
  3500 | D:3      | Reached * piety under Vehumet
  3500 | D:3      | Offered knowledge of Sandblast by Vehumet.
  3673 | D:3      | Noticed Sigmund
  3680 | D:3      | Learned a level 4 spell: Iskenderun's Mystic Blast
  3688 | D:3      | Killed Sigmund
  3688 | D:3      | Reached skill level 1 in Fighting
  3688 | D:3      | Reached XP level 7. HP: 38/38 MP: 5/17
  4663 | D:4      | Noticed Jessica
  4668 | D:4      | Killed Jessica
  4682 | D:4      | Found a deep blue altar of Sif Muna.
  4969 | D:5      | Entered Level 5 of the Dungeon
  5008 | D:5      | Offered knowledge of Throw Frost by Vehumet.
  5010 | D:5      | Reached ** piety under Vehumet
  5536 | D:5      | Reached XP level 8. HP: 33/44 MP: 13/18
  5726 | D:5      | Found a stormy altar of Qazlal.
  5748 | D:5      | Found an ornate altar of the Wu Jian Council.
  6051 | D:5      | Offered knowledge of Static Discharge by Vehumet.
  6087 | D:5      | Found a bloodstained altar of Trog.
  6225 | D:5      | Reached skill level 5 in Dodging
  6421 | D:5      | Found an iron altar of Okawaru.
  6775 | D:6      | Reached *** piety under Vehumet
  6898 | D:6      | Noticed Prince Ribbit
  7198 | D:6      | Found a blossoming altar of Fedhas.
  7214 | D:6      | Reached skill level 10 in Conjurations
  7575 | D:6      | Found a staircase to the Ecumenical Temple.
  7679 | D:6      | Reached skill level 1 in Shields
  7773 | D:6      | Noticed Menkaure
  7777 | D:6      | Killed Menkaure
  7777 | D:6      | Reached XP level 9. HP: 51/51 MP: 8/20
  8110 | D:6      | Killed Prince Ribbit
  8603 | D:7      | Noticed Eustachio
  8842 | D:7      | Killed Eustachio
  8842 | D:7      | Offered knowledge of Stone Arrow by Vehumet.
  9106 | D:7      | Found Poha's Distillery.
  9455 | D:7      | Found a white marble altar of Elyvilon.
  9904 | D:7      | Learned a level 3 spell: Stone Arrow
  9951 | D:7      | Found a shadowy altar of Dithmenos.
 10014 | D:8      | Reached skill level 5 in Fighting
 10024 | D:8      | Reached XP level 10. HP: 21/58 MP: 8/23
 10319 | D:8      | Noticed Maurice
 10331 | D:8      | Killed Maurice
 10585 | D:8      | Found a staircase to the Lair.
 10613 | D:8      | Found a transporter.
 10614 | D:8      | Found a transporter.
 10627 | D:8      | Noticed PegasusDuck's ghost (novice DsFE)
 10732 | D:8      | Reached **** piety under Vehumet
 10938 | D:9      | Found a shimmering altar of Xom.
 11182 | D:9      | Offered knowledge of Bolt of Magma by Vehumet.
 11191 | D:9      | Learned a level 5 spell: Bolt of Magma
 11206 | D:9      | Reached skill level 1 in Earth Magic
 11428 | D:9      | Found Buwnits's Assorted Antiques.
 11436 | D:9      | Bought a tubular sapphire ring for 135 gold pieces
 11436 | D:9      | Bought a scroll labeled APY VOIBLOU for 27 gold pieces
 11436 | D:9      | Bought a glowing robe for 99 gold pieces
 11452 | D:9      | Noticed a two-headed ogre
 11458 | D:9      | Killed a two-headed ogre
 11569 | D:9      | Got a fine robe
 11580 | D:9      | Identified the +1 robe of Fyngu {rElec Str+4 Dex-3 Stlth+}
                  | (You found it on level 9 of the Dungeon)
 12353 | D:10     | Entered Level 10 of the Dungeon
 12651 | D:10     | Noticed Snorg
 12732 | D:10     | Found a large runed door.
 12732 | D:10     | Found a large runed door.
 12733 | D:10     | Noticed tsouns's ghost (novice OpNe)
 12757 | D:10     | Found a flagged portal.
 12766 | Bailey   | Entered a bailey
 13312 | Bailey   | Noticed an orc knight
 13321 | Bailey   | Killed an orc knight
 13619 | Bailey   | Reached XP level 11. HP: 37/66 MP: 12/26
 13852 | Bailey   | Noticed an orc knight
 13879 | Bailey   | Killed an orc knight
 13998 | Bailey   | Noticed an orc knight
 14015 | Bailey   | Killed an orc knight
 14520 | D:10     | Killed an unseen horror
 14688 | D:10     | Noticed Fannar
 14711 | D:10     | Killed Fannar
 14711 | D:10     | Reached skill level 10 in Spellcasting
 14871 | D:10     | Found a hide-covered altar of Uskayaw.
 15443 | Lair:1   | Entered Level 1 of the Lair of Beasts
 15869 | Lair:1   | Reached ***** piety under Vehumet
 15924 | Lair:1   | Offered knowledge of Airstrike by Vehumet.
 15928 | Lair:1   | Reached skill level 1 in Fire Magic
 16199 | Lair:1   | Found a sacrificial altar of Ru.
 16922 | Lair:2   | Noticed Sonja
 17221 | Lair:2   | Reached skill level 10 in Dodging
 17636 | Lair:2   | Killed Sonja
 17645 | Lair:2   | Reached XP level 12. HP: 72/72 MP: 15/28
 17786 | Lair:2   | Noticed an eight-headed hydra
 17791 | Lair:2   | Killed an eight-headed hydra
 17793 | Lair:2   | Reached skill level 5 in Fire Magic
 18266 | Lair:2   | Found a staircase to the Swamp.
 18949 | Lair:3   | Found a frozen archway.
 18966 | IceCv    | Entered an ice cave
 20484 | IceCv    | Noticed a frost giant
 20721 | IceCv    | Killed a frost giant
 20758 | IceCv    | Offered knowledge of Fireball by Vehumet.
 20765 | IceCv    | Learned a level 5 spell: Fireball
 20945 | IceCv    | Found the cursed +13 scythe of Curses {drain, *Curse}
 20965 | IceCv    | Got a twisted glaive
 21349 | Lair:3   | Reached XP level 13. HP: 79/79 MP: 14/29
 23394 | Lair:4   | Reached skill level 10 in Fire Magic
 23559 | Lair:4   | Got a faintly glowing ivory ring
 23565 | Lair:4   | Identified the ring "Kehy" {MR+ Str+2 Dex+2} (You found it
                  | on level 4 of the Lair of Beasts)
 23934 | Lair:4   | Found a hole to the Spider Nest.
 24922 | Lair:5   | Found a runed door.
 24922 | Lair:5   | Noticed Goofits's ghost (journeyman HaGl)
 24964 | Lair:5   | Killed Goofits's ghost
 25580 | Lair:6   | Entered Level 6 of the Lair of Beasts
 26003 | Lair:6   | Offered knowledge of Bolt of Fire by Vehumet.
 26013 | Lair:5   | Learned a level 6 spell: Bolt of Fire
 27331 | Lair:6   | Reached XP level 14. HP: 86/86 MP: 27/31
 28004 | Lair:6   | Found a staircase to the Slime Pits.
 28240 | Lair:6   | Got a fabulously ornate robe
 28251 | Lair:6   | Identified the +1 robe "Hero's Friend" {rF+ Stlth+} (You
                  | found it on level 6 of the Lair of Beasts)
 28491 | Lair:6   | Identified the Incunabulum of Vitriolic Evil Rituals
 28506 | Lair:6   | Got a faintly glowing falchion
 28507 | Lair:6   | Identified the +7 falchion of Fragile Peace {antimagic,
                  | Str+3 Dex+9} (You found it on level 6 of the Lair of
                  | Beasts)
 29285 | D:10     | Killed Snorg
 29641 | D:11     | Found a staircase to the Orcish Mines.
 29689 | D:11     | Reached skill level 10 in Fighting
 29978 | D:11     | Noticed Grum
 29982 | D:11     | Killed Grum
 30814 | D:11     | Offered knowledge of Yara's Violent Unravelling by Vehumet.
 32369 | D:12     | Got a bloodstained arbalest
 32404 | D:12     | Identified the +5 arbalest "Roleh" {freeze, +Blink rF+ rC-}
                  | (You found it on level 12 of the Dungeon)
 32485 | Orc:1    | Entered Level 1 of the Orcish Mines
 32706 | Orc:2    | Entered Level 2 of the Orcish Mines
 32816 | Orc:2    | Found a staircase to the Elven Halls.
 33377 | Orc:1    | Noticed Josephine
 33734 | Orc:2    | Reached skill level 15 in Conjurations
 33936 | Orc:2    | Offered knowledge of Ozocubu's Refrigeration by Vehumet.
 34011 | Orc:2    | Noticed an orc warlord
 35029 | D:13     | Reached XP level 15. HP: 93/93 MP: 24/33
 35792 | D:13     | Got a scorched leather armour
 35803 | D:13     | Identified the cursed +1 leather armour "Vunufab" {rN+
                  | rCorr Dex-2} (You took it off a wizard on level 13 of the
                  | Dungeon)
 35818 | D:13     | Found a gate to the Vaults.
 35942 | D:13     | Found Qaschya's Distillery.
 35950 | D:13     | Bought a potion of magic for 112 gold pieces
 35950 | D:13     | Bought a potion of brilliance for 56 gold pieces
 35950 | D:13     | Bought a potion of invisibility for 112 gold pieces
 35950 | D:13     | Bought a potion of curing for 42 gold pieces
 36458 | Orc:2    | Killed an orc warlord
 36933 | Orc:2    | Found a roughly hewn altar of Beogh.
 37259 | Orc:2    | Found Efamea's Jewellery Emporium.
 37267 | Orc:2    | Found Resegruz's General Store.
 37302 | Orc:2    | Found Qaredeyxaeq's Antique Weapon Emporium.
 37307 | Orc:2    | Found Dykomaha's Antique Armour Emporium.
 37437 | Orc:2    | Bought a potion of curing for 42 gold pieces
 37437 | Orc:2    | Bought a scroll of identify for 28 gold pieces
 37469 | Orc:2    | Bought a runed helmet for 172 gold pieces
 37469 | Orc:2    | Bought a pair of gloves for 103 gold pieces
 37524 | Orc:2    | Found Iqarchom's Jewellery Shoppe.
 38066 | Orc:2    | Found a roughly hewn altar of Beogh.
 38210 | Orc:1    | Killed Josephine
 38951 | Orc:2    | Bought a pitted broad axe for 243 gold pieces
 38951 | Orc:2    | Identified the +4 broad axe of the Vaults {chaos, Str+3}
                  | (You bought it in a shop on level 2 of the Orcish Mines)
 38953 | Orc:2    | Bought a brightly glowing hand crossbow for 229 gold pieces
 38953 | Orc:2    | Identified the cursed +2 hand crossbow "Tireceyz" {flame,
                  | rPois Str-2 Int+4} (You bought it in a shop on level 2 of
                  | the Orcish Mines)
 40176 | D:15     | Entered Level 15 of the Dungeon
 40690 | D:15     | Found a sacrificial altar of Ru.
 40700 | D:15     | Identified a scroll of acquirement
 40703 | D:15     | Got a pair of distressingly furry boots
 40714 | D:15     | Identified the +2 pair of boots of Context {rPois SInv}
                  | (You acquired it on level 15 of the Dungeon)
 41432 | D:15     | Offered knowledge of Orb of Destruction by Vehumet.
 41494 | D:15     | Found a staircase to the Depths.
 41601 | D:15     | Found the +3 salamander hide armour {+Rage rF++}
 41974 | Swamp:1  | Entered Level 1 of the Swamp
 42107 | Swamp:1  | Reached skill level 1 in Evocations
 42159 | Swamp:1  | Noticed a thorn hunter
 42162 | Swamp:1  | Killed a thorn hunter
 42446 | Swamp:1  | Noticed a tentacled monstrosity
 42627 | Spider:1 | Entered Level 1 of the Spider Nest
 43067 | Spider:1 | Reached XP level 16. HP: 100/100 MP: 30/35
 43080 | Spider:1 | Reached skill level 1 in Armour
 43875 | Spider:1 | You fall through a shaft!
 43966 | Spider:1 | Got a bloodstained scythe
 43967 | Spider:1 | Identified the +7 scythe "Ciowkus" {slice, *Noise Int+7}
                  | (You found it on level 1 of the Spider Nest)
 44288 | Spider:2 | Noticed Kirke
 44293 | Spider:2 | Killed Kirke
 44293 | Spider:2 | Reached skill level 5 in Evocations
 45564 | Spider:3 | Reached ****** piety under Vehumet
 45564 | Spider:3 | Offered knowledge of Iron Shot by Vehumet.
 47842 | Spider:4 | Entered Level 4 of the Spider Nest
 48037 | Spider:4 | Learned a level 6 spell: Iron Shot
 48768 | Spider:3 | Upgraded the game from 0.23-a0-164-g7711e57 to
                  | 0.23-a0-169-gb21e695
 49018 | Spider:4 | Reached skill level 15 in Fire Magic
 49641 | Spider:4 | Got a pitted shield
 49913 | Spider:4 | Offered knowledge of Fire Storm by Vehumet.
 49913 | Spider:4 | Offered knowledge of Glaciate by Vehumet.
 49913 | Spider:4 | Offered knowledge of Ignition by Vehumet.
 49927 | Spider:4 | Learned a level 8 spell: Ignition
 49964 | Spider:4 | Identified the +0 shield "Mozehish" {*Slow rElec rN+ Str+2}
                  | (You acquired it on level 4 of the Spider Nest)
 49983 | Spider:4 | Reached XP level 17. HP: 107/107 MP: 31/37
 51278 | Spider:4 | Got a gossamer rune of Zot
 51591 | Swamp:1  | Killed a tentacled monstrosity
 52324 | Swamp:1  | Reached skill level 15 in Spellcasting
 54470 | Swamp:3  | Noticed Louise
 54473 | Swamp:3  | Killed Louise
 54796 | Swamp:4  | Entered Level 4 of the Swamp
 55535 | Swamp:4  | Noticed the 27-headed Lernaean hydra
 55538 | Swamp:4  | Killed the 27-headed Lernaean hydra
 55549 | Swamp:4  | Noticed a tentacled monstrosity
 55740 | Swamp:4  | Reached XP level 18. HP: 112/112 MP: 29/40
 56178 | Swamp:4  | Killed a tentacled monstrosity
 56478 | Swamp:4  | Got a decaying rune of Zot
 56915 | D:8      | Killed PegasusDuck's ghost
 57005 | D:10     | Killed tsouns's ghost
 57188 | Depths:1 | Entered Level 1 of the Depths
 57263 | Depths:1 | Found Ashretiva's Food Shoppe.
 57365 | Depths:1 | Found Gaugyiq's Weapon Emporium.
 57402 | Depths:1 | Got a serpentine granite ring
 57404 | Depths:1 | Identified the ring "Luomod" {rCorr rPois rF+ MR+ SInv}
                  | (You found it on level 1 of the Depths)
 57489 | Depths:1 | Found a one-way gate leading to the halls of Pandemonium.
 57720 | Depths:1 | Got a transparent whip
 57721 | Depths:1 | Identified the cursed +1 whip of Terra Cotta {protect, +Fly
                  | rPois rC+ Stlth+} (You found it on level 1 of the Depths)
 57885 | Depths:1 | Found Ecoxkolann's Armour Emporium.
 57885 | Depths:1 | Found a gateway to Hell.
 57907 | Depths:1 | Bought the +4 moon troll leather armour {Spirit, Regen++
                  | MP+5} for 599 gold pieces
 57907 | Depths:1 | Bought the +3 buckler of the Blind Marksman {Int+3} for 360
                  | gold pieces
 57907 | Depths:1 | Found the +4 moon troll leather armour {Spirit, Regen++
                  | MP+5}
 58555 | Depths:1 | Found Purionni's Assorted Antiques.
 58801 | Depths:2 | Reached skill level 5 in Armour
 59358 | Depths:2 | Noticed a golden dragon
 59362 | Depths:2 | Killed a golden dragon
 59716 | Depths:2 | Noticed a tentacled monstrosity
 59733 | Depths:2 | Killed a tentacled monstrosity
 60100 | Depths:2 | Reached XP level 19. HP: 119/119 MP: 32/41
 60439 | Depths:2 | Noticed a caustic shrike
 60448 | Depths:2 | Killed a caustic shrike
 60752 | Depths:2 | Learned a level 9 spell: Fire Storm
 61152 | Depths:1 | Bought a scarf of resistance for 352 gold pieces
 61780 | Depths:2 | Got a scorched tin ring
 61782 | Depths:2 | Identified the ring "Dinystaf" {rC+ Str+2 Int-3 Stlth-}
                  | (You took it off a vampire mage on level 2 of the Depths)
 61925 | Depths:2 | Identified a +2 pair of boots of running (You found it on
                  | level 2 of the Depths)
 63435 | Depths:3 | Found a one-way gate to the infinite horrors of the Abyss.
 63885 | Depths:3 | Reached XP level 20. HP: 124/124 MP: 27/44
 64072 | Depths:3 | Found a deep blue altar of Sif Muna.
 64228 | Depths:3 | Identified the Papyrus of Freezing Changing
 64339 | Depths:3 | Identified the Catalogue of Vitriolic Sinister Magic
 64499 | Depths:4 | Noticed Frederick
 64508 | Depths:4 | Killed Frederick
 64983 | Depths:4 | Noticed a golden dragon
 65451 | Depths:4 | Noticed Mennas
 65479 | Depths:4 | Killed Mennas
 65613 | Depths:4 | Noticed a caustic shrike
 65616 | Depths:4 | Killed a caustic shrike
 65816 | Depths:4 | Found a gateway to a bazaar.
 65988 | Bazaar   | Entered a bazaar
 66002 | Bazaar   | Found Xuirexin's Armour Emporium.
 66017 | Bazaar   | Found Uteipif's Jewellery Shoppe.
 66017 | Bazaar   | Found Ylud's Distillery.
 66038 | Bazaar   | Found Heig's Armour Shoppe.
 66038 | Bazaar   | Found Giefaz's Food Emporium.
 66091 | Bazaar   | Bought a potion of flight for 48 gold pieces
 66091 | Bazaar   | Bought a potion of curing for 48 gold pieces
 66091 | Bazaar   | Bought a potion of mutation for 128 gold pieces
 66091 | Bazaar   | Bought 2 potions of magic for 256 gold pieces
 66091 | Bazaar   | Bought a potion of curing for 48 gold pieces
 66091 | Bazaar   | Bought a potion of cancellation for 128 gold pieces
 66151 | Bazaar   | Bought a ration for 45 gold pieces
 66151 | Bazaar   | Bought a ration for 45 gold pieces
 66151 | Bazaar   | Bought a ration for 45 gold pieces
 66151 | Bazaar   | Bought a ration for 45 gold pieces
 66151 | Bazaar   | Bought a ration for 45 gold pieces
 66151 | Bazaar   | Bought a ration for 45 gold pieces
 66399 | Depths:5 | Entered Level 5 of the Depths
 66404 | Depths:5 | Noticed a caustic shrike
 66405 | Depths:5 | Noticed a caustic shrike
 66406 | Depths:5 | Killed a caustic shrike
 66407 | Depths:5 | Killed a caustic shrike
 66407 | Depths:5 | Killed a caustic shrike
 66998 | Depths:5 | Noticed Saint Roka
 67001 | Depths:5 | Killed Saint Roka
 67192 | Depths:5 | Reached XP level 21. HP: 108/129 MP: 26/48
 67467 | Depths:5 | Killed a golden dragon
 68375 | Depths:5 | Found a gate to the Realm of Zot.
 68965 | Depths:5 | Found a gateway to a ziggurat.
 69297 | Depths:5 | Found a runed door.
 69298 | Depths:5 | Noticed vogonpoet's ghost (adept SpWn)
 69599 | Elf:1    | Entered Level 1 of the Elven Halls
 70093 | Elf:1    | Noticed Roxanne
 70100 | Elf:1    | Killed Roxanne
 70317 | Elf:1    | Identified Roxanne's Almanac of Moulding (You took it off
                  | Roxanne on level 1 of the Elven Halls)
 70705 | Elf:1    | Identified the Papyrus of Dark Magic
 71032 | Elf:2    | Found a portal to a secret trove of treasure.
 71135 | Elf:2    | Found an ancient bone altar of Kikubaaqudgha.
 71158 | Elf:2    | Found a magical portal.
 71250 | WizLab   | Entered Iskenderun's Mystic Tower
 71759 | WizLab   | Reached XP level 22. HP: 135/135 MP: 21/50
 72086 | WizLab   | Identified Iskenderun's Grimoire of Anarchy
 72086 | WizLab   | Identified Iskenderun's Catalogue of Combat Magic
 72228 | WizLab   | Identified the Almanac of Excruciating Flames
 72739 | Elf:2    | Found a runed gate.
 72739 | Elf:2    | Found a runed gate.
 72742 | Elf:2    | Got a translucent scimitar
 72743 | Elf:2    | Identified the +8 scimitar of the Lumpy Scars {protect,
                  | SInv Stlth+} (You found it on level 2 of the Elven Halls)
 72747 | Elf:2    | Found a runed gate.
 73615 | Elf:2    | Noticed Donald
 73617 | Elf:2    | Killed Donald
 73849 | Elf:3    | Entered Level 3 of the Elven Halls
 74093 | Vaults:1 | Entered Level 1 of the Vaults
 74215 | Vaults:1 | Found Plog's Book Shop.
 74457 | Vaults:1 | Learned a level 3 spell: Regeneration
 74817 | Vaults:1 | Got a pitted dagger {flame}
 74818 | Vaults:1 | Identified the +8 dagger "Muda Nimuili" {flame, *Slow Int+4
                  | Dex+4 SInv} (You took it off an ironbrand convoker on level
                  | 1 of the Vaults)
 75347 | Vaults:1 | Reached skill level 5 in Earth Magic
 75754 | Vaults:1 | Found the +10 zealot's sword {holy, *Rage rN+ EV+3}
 75943 | Vaults:1 | Reached skill level 1 in Necromancy
 77390 | Vaults:2 | Reached XP level 23. HP: 141/141 MP: 47/52
 77659 | Vaults:2 | Found a staircase to the Crypt.
 77990 | Vaults:2 | Reached skill level 15 in Dodging
 78733 | Vaults:3 | Noticed Mara
 78736 | Vaults:3 | Killed Mara
 79403 | Vaults:3 | Reached skill level 5 in Necromancy
 79891 | Vaults:3 | Found Minubant's Book Shoppe.
 80047 | Vaults:1 | Bought a book of Minor Magic for 340 gold pieces
 80050 | Vaults:1 | Learned a level 2 spell: Blink
 80230 | Vaults:3 | Bought a book of the Tempests for 1330 gold pieces
 80243 | Vaults:3 | Learned a level 9 spell: Shatter
 81282 | Vaults:4 | Found Riah's Distillery.
 81370 | Vaults:4 | Noticed Xtahua
 81373 | Vaults:4 | Killed Xtahua
 81428 | Vaults:4 | Found an opulent altar of Gozag.
 82245 | Elf:3    | Reached XP level 24. HP: 149/149 MP: 49/53
 82299 | Elf:3    | Found Vuarchido's Assorted Antiques.
 82694 | Elf:3    | Reached skill level 10 in Earth Magic
 82705 | Elf:3    | Reached skill level 15 in Fighting
 82841 | Elf:3    | Got a faintly glowing pewter ring
 83026 | Elf:3    | Identified the cursed ring of Bileris {rF+ MR+ EV-3} (You
                  | took it off a deep elf archer on level 3 of the Elven
                  | Halls)
 83212 | Elf:3    | Got a polished shortbow
 83213 | Elf:3    | Identified the cursed +1 shortbow "Tefugiqesm" {velocity,
                  | +Fly Str-4 Dex+2} (You found it on level 3 of the Elven
                  | Halls)
 83296 | Elf:3    | Got a faintly glowing falchion
 83297 | Elf:3    | Identified the cursed +0 falchion of Vief {vamp, Int+3}
                  | (You found it on level 3 of the Elven Halls)
 83357 | Elf:3    | Got a heavily jewelled robe
 83368 | Elf:3    | Identified the +2 robe of Ocho {rC+++ MR- Str+4} (You found
                  | it on level 3 of the Elven Halls)
 84211 | Vaults:5 | Entered Level 5 of the Vaults
 84220 | Vaults:5 | Noticed an ancient lich
 84371 | Vaults:5 | Killed an ancient lich
 84682 | Vaults:5 | Reached skill level 15 in Earth Magic
 84682 | Vaults:5 | Reached XP level 25. HP: 87/157 MP: 49/53
 85673 | Vaults:5 | Got a shimmering golden ring
 85679 | Vaults:5 | Identified the ring of Huav {+Fly rN+} (You took it off a
                  | tengu reaver on level 5 of the Vaults)
 85692 | Vaults:5 | Identified the Collected Works on Dark Magic
 85698 | Vaults:5 | Learned a level 2 spell: Sublimation of Blood
 85739 | Vaults:5 | Got a wavering granite ring
 85741 | Vaults:5 | Identified the ring of the Doge {Fire +Inv rPois Str+6
                  | Int-4} (You found it on level 5 of the Vaults)
 85802 | Vaults:5 | Learned a level 8 spell: Lehudib's Crystal Spear
 86170 | Vaults:5 | Got a silver rune of Zot
 86819 | Vaults:5 | Got a scorched flail
 86820 | Vaults:5 | Identified the cursed +1 flail "Weiru" {crush, rElec rPois
                  | Int+3} (You found it on level 5 of the Vaults)
 86957 | Crypt:1  | Entered Level 1 of the Crypt
 88432 | Crypt:2  | Noticed Jory
 88436 | Crypt:2  | Killed Jory
 89201 | Crypt:3  | Entered Level 3 of the Crypt
 89358 | Crypt:3  | Reached XP level 26. HP: 140/166 MP: 43/53
 89421 | Crypt:3  | Got a warped copper ring
 89423 | Crypt:3  | Identified the ring of Luvig {rN+ MR+} (You took it off an
                  | ancient champion on level 3 of the Crypt)
 89594 | Crypt:3  | Found the +6 Majin-Bo {vamp, Archmagi MP+6 Int+6}
 89635 | Crypt:3  | Noticed an ancient lich
 89641 | Crypt:3  | Killed an ancient lich
 89653 | Crypt:3  | Got a vibrating marble ring
 89655 | Crypt:3  | Identified the ring of Qora {rN+ Int+4} (You found it on
                  | level 3 of the Crypt)
 89660 | Crypt:3  | Got a crude robe
 89671 | Crypt:3  | Identified the +1 robe "Juhub" {Str+2 Int+2 Stlth+} (You
                  | found it on level 3 of the Crypt)
 90364 | Crypt:3  | Found a staircase to the Tomb.
 90603 | Crypt:3  | Reached skill level 10 in Necromancy
 91237 | Zot:1    | Entered Level 1 of the Realm of Zot
 92699 | Slime:1  | Entered Level 1 of the Pits of Slime
 92705 | Slime:1  | Gained mutation: You are weak. (Str -2) [a shining eye]
 93047 | Slime:5  | Entered Level 5 of the Pits of Slime
 93226 | Slime:5  | Found a viscous altar of Jiyva.
 93246 | Slime:5  | Reached XP level 27. HP: 135/172 MP: 38/54
 93249 | Slime:5  | Noticed the Royal Jelly
 93253 | Slime:5  | Killed the Royal Jelly
 93480 | Slime:5  | Got a slimy rune of Zot
 93508 | Slime:5  | Got a transparent dagger
 93509 | Slime:5  | Identified the +6 dagger of Purpose {elec, rN+ Str+2
                  | Stlth+} (You found it on level 5 of the Pits of Slime)
 93524 | Slime:5  | Identified the Almanac of Sinister Enhancements
 93611 | Slime:5  | Got a clouded lead amulet
 93613 | Slime:5  | Identified the amulet "Kyvvov" {Faith Str+6 Slay+2} (You
                  | found it on level 5 of the Pits of Slime)
 93640 | Slime:5  | Got a pitted leather armour
 93641 | Slime:5  | Identified the +0 leather armour "Cic Qoit" {rElec rF+ rN+
                  | Str+4} (You found it on level 5 of the Pits of Slime)
 94597 | Orc:2    | Bought an uncursed amulet of magic regeneration for 360
                  | gold pieces
 96175 | Zot:3    | Found a runed gate.
 96214 | Zot:3    | Found a runed gate.
 96214 | Zot:3    | Found a runed gate.
 96214 | Zot:3    | Found an opulent altar of Gozag.
 96215 | Zot:3    | Noticed Vanaq's ghost (master VSFi)
 96264 | Zot:3    | Killed Vanaq's ghost
 96352 | Zot:3    | Noticed an orb of fire
 96357 | Zot:3    | Killed an orb of fire
 96479 | Zot:3    | Noticed an orb of fire
 96482 | Zot:3    | Gained mutation: You are frail. (-10% HP) [an orb of fire]
 96493 | Zot:3    | Killed an orb of fire
 96873 | Zot:3    | Reached skill level 15 in Necromancy
 97774 | Zot:4    | Lost mutation: You are weak. (Str -2) [potion of mutation]
 97774 | Zot:4    | Lost mutation: You are frail. (-10% HP) [potion of
                  | mutation]
 97774 | Zot:4    | Gained mutation: Your spells are a little harder to cast,
                  | but a little more powerful. [potion of mutation]
 97774 | Zot:4    | Gained mutation: You tend to lose your temper in combat.
                  | [potion of mutation]
 97774 | Zot:4    | Gained mutation: Your mind is acute. (Int +2) [potion of
                  | mutation]
 97774 | Zot:4    | Gained mutation: You have a pair of small horns on your
                  | head. [potion of mutation]
 97775 | Zot:4    | Lost mutation: Your mind is acute. (Int +2) [potion of
                  | mutation]
 97775 | Zot:4    | Gained mutation: You have sharp toenails. [potion of
                  | mutation]
 97775 | Zot:4    | Gained mutation: You passively map a small area around you.
                  | [potion of mutation]
 97775 | Zot:4    | Gained mutation: Your spells are harder to cast, but more
                  | powerful. [potion of mutation]
 97776 | Zot:4    | Lost mutation: You tend to lose your temper in combat.
                  | [potion of mutation]
 97776 | Zot:4    | Lost mutation: You passively map a small area around you.
                  | [potion of mutation]
 97776 | Zot:4    | Lost mutation: You have a pair of small horns on your head.
                  | [potion of mutation]
 97776 | Zot:4    | Gained mutation: You expend magic power (3 MP) to
                  | strengthen your wands. [potion of mutation]
 98108 | Zot:4    | Learned a level 7 spell: Orb of Destruction
 98218 | Zot:4    | Noticed an ancient lich
 98220 | Zot:4    | Killed an ancient lich
 98712 | Zot:5    | Entered Level 5 of the Realm of Zot
 99038 | Zot:5    | Noticed an ancient lich
 99041 | Zot:5    | Killed an ancient lich
 99161 | Zot:5    | Noticed an orb of fire
 99166 | Zot:5    | Killed an orb of fire
 99166 | Zot:5    | Noticed an ancient lich
 99166 | Zot:5    | Noticed an orb of fire
 99169 | Zot:5    | Killed an ancient lich
 99173 | Zot:5    | Killed an orb of fire
 99395 | Zot:5    | Noticed an ancient lich
 99398 | Zot:5    | Killed an ancient lich
 99485 | Zot:5    | Noticed an orb of fire
 99489 | Zot:5    | Killed an orb of fire
 99705 | Zot:5    | Noticed an orb of fire
 99705 | Zot:5    | Gained mutation: You are frail. (-10% HP) [an orb of fire]
 99709 | Zot:5    | Killed an orb of fire
 99711 | Zot:5    | Lost mutation: You are frail. (-10% HP) [potion of
                  | mutation]
 99711 | Zot:5    | Lost mutation: You have sharp toenails. [potion of
                  | mutation]
 99711 | Zot:5    | Lost mutation: Your spells are harder to cast, but more
                  | powerful. [potion of mutation]
 99711 | Zot:5    | Gained mutation: You are frail. (-10% HP) [potion of
                  | mutation]
 99711 | Zot:5    | Gained mutation: Your system is resistant to poisons.
                  | (rPois) [potion of mutation]
 99711 | Zot:5    | Gained mutation: You evolve. [potion of mutation]
 99711 | Zot:5    | Gained mutation: Your mind is acute. (Int +2) [potion of
                  | mutation]
 99712 | Zot:5    | Lost mutation: Your mind is acute. (Int +2) [potion of
                  | mutation]
 99712 | Zot:5    | Lost mutation: You are frail. (-10% HP) [potion of
                  | mutation]
 99712 | Zot:5    | Lost mutation: You expend magic power (3 MP) to strengthen
                  | your wands. [potion of mutation]
 99712 | Zot:5    | Gained mutation: You have sharp toenails. [potion of
                  | mutation]
 99712 | Zot:5    | Gained mutation: You possess an exceptional clarity of
                  | mind. [potion of mutation]
 99712 | Zot:5    | Gained mutation: You are partially covered in yellow
                  | scales. (AC +2) [potion of mutation]
 99829 | Zot:5    | Got a fine copper ring
 99957 | Zot:5    | Noticed Tiamat
 99971 | Zot:5    | Killed Tiamat
100012 | Zot:5    | Identified the ring "Wafelut" {+Blink Str+4 SInv} (You took
                  | it off a purple draconian on level 5 of the Realm of Zot)
100226 | Hell     | Entered the Vestibule of Hell
100226 | Hell     | Noticed Geryon
100230 | Hell     | Killed Geryon
100230 | Hell     | Reached skill level 1 in Staves
100340 | Hell     | Noticed an ancient lich
100342 | Hell     | Killed an ancient lich
100348 | Hell     | Reached skill level 5 in Staves
100500 | Depths:5 | Killed vogonpoet's ghost
100682 | Hell     | Reached skill level 27 in Spellcasting
100754 | Hell     | Found a gateway to the freezing wastes of Cocytus.
100903 | Hell     | Found a gateway to the Iron City of Dis.
101008 | Hell     | Found a gateway to the ashen valley of Gehenna.
101083 | Hell     | Found a gateway to the decaying netherworld of Tartarus.
101214 | Geh:1    | Entered Level 1 of Gehenna
101984 | Geh:4    | Reached skill level 10 in Staves
102597 | Geh:7    | Entered Level 7 of Gehenna
103282 | Geh:7    | Got a pair of steaming boots
103283 | Geh:7    | Identified the +2 pair of boots "Juam" {rPois} (You found
                  | it on level 7 of Gehenna)
103315 | Geh:7    | Noticed Asmodeus
103481 | Geh:7    | Killed Asmodeus
103520 | Geh:7    | Got an obsidian rune of Zot
103526 | Geh:7    | Got a pair of ancient gloves
103537 | Geh:7    | Identified the +1 pair of gloves of Gallantry {rC+ rCorr
                  | Dex+2} (You found it on level 7 of Gehenna)
103558 | Geh:7    | Identified Jadiexurer's Almanac of Evil Enhancements
103957 | Coc:1    | Entered Level 1 of Cocytus
104194 | D:14     | Lost mutation: You possess an exceptional clarity of mind.
                  | [evolution]
105884 | Coc:6    | Reached skill level 10 in Armour
106155 | Coc:7    | Entered Level 7 of Cocytus
106642 | Coc:7    | Noticed the Serpent of Hell
106648 | Coc:7    | Killed the Serpent of Hell
107525 | Coc:7    | Noticed Antaeus
107534 | Coc:7    | Killed Antaeus
107700 | Coc:7    | Got an icy rune of Zot
107876 | Coc:7    | Lost strength.
108034 | Dis:1    | Entered Level 1 of the Iron City of Dis
108079 | Dis:1    | Reached skill level 10 in Evocations
109424 | Dis:7    | Entered Level 7 of the Iron City of Dis
110616 | Dis:7    | Learned a level 8 spell: Controlled Blink
110716 | Dis:7    | Reached skill level 1 in Translocations
110793 | Dis:7    | Got a vibrating golden ring
110800 | Dis:7    | Gained mutation: You occasionally shout uncontrollably at
                  | your foes. [mutagenic glow]
110816 | Dis:7    | Reached skill level 5 in Translocations
110859 | Dis:7    | Gained mutation: You are clumsy. (Dex -2) [mutagenic glow]
110879 | Dis:7    | Noticed Dispater
110890 | Dis:7    | Killed Dispater
110905 | Dis:7    | Gained mutation: Your body sometimes deteriorates upon
                  | taking damage. [mutagenic glow]
110906 | Dis:7    | Lost mutation: Your spells are a little harder to cast, but
                  | a little more powerful. [potion of mutation]
110906 | Dis:7    | Lost mutation: You are clumsy. (Dex -2) [potion of
                  | mutation]
110906 | Dis:7    | Lost mutation: You occasionally shout uncontrollably at
                  | your foes. [potion of mutation]
110906 | Dis:7    | Lost mutation: Your body sometimes deteriorates upon taking
                  | damage. [potion of mutation]
110906 | Dis:7    | Gained mutation: You have a pair of small antennae on your
                  | head. [potion of mutation]
110906 | Dis:7    | Gained mutation: You are agile. (Dex +2) [potion of
                  | mutation]
110936 | Dis:7    | Gained mutation: Your magical capacity is low. (-10% MP)
                  | [mutagenic glow]
110972 | Dis:7    | Gained mutation: Your body sometimes deteriorates upon
                  | taking damage. [mutagenic glow]
110999 | Dis:7    | Found the amulet of the Four Winds {rN+ MR+++ Clar}
111007 | Dis:7    | Gained mutation: You are weak. (Str -2) [mutagenic glow]
111034 | Dis:7    | Got an iron rune of Zot
111108 | Hell     | Lost mutation: You are partially covered in yellow scales.
                  | (AC +2) [potion of mutation]
111108 | Hell     | Lost mutation: You have sharp toenails. [potion of
                  | mutation]
111108 | Hell     | Lost mutation: You are agile. (Dex +2) [potion of mutation]
111108 | Hell     | Lost mutation: Your body sometimes deteriorates upon taking
                  | damage. [potion of mutation]
111108 | Hell     | Gained mutation: Scrolls take you a little longer to read.
                  | [potion of mutation]
111108 | Hell     | Gained mutation: You occasionally shout uncontrollably at
                  | your foes. [potion of mutation]
111108 | Hell     | Gained mutation: Your skin changes colour to match your
                  | surroundings (Stealth+). [potion of mutation]
111109 | Hell     | Lost mutation: Your magical capacity is low. (-10% MP)
                  | [potion of mutation]
111109 | Hell     | Lost mutation: You occasionally shout uncontrollably at
                  | your foes. [potion of mutation]
111109 | Hell     | Gained mutation: Your body sometimes deteriorates upon
                  | taking damage. [potion of mutation]
111109 | Hell     | Gained mutation: Your skin blends seamlessly with your
                  | surroundings (Stealth++). [potion of mutation]
111110 | Hell     | Lost mutation: Your system is resistant to poisons. (rPois)
                  | [potion of mutation]
111110 | Hell     | Lost mutation: Scrolls take you a little longer to read.
                  | [potion of mutation]
111110 | Hell     | Lost mutation: Your body sometimes deteriorates upon taking
                  | damage. [potion of mutation]
111110 | Hell     | Gained mutation: You are partially covered in icy blue
                  | scales. (AC +2) [potion of mutation]
111110 | Hell     | Gained mutation: You are surrounded by a mild repulsion
                  | field. (EV +2) [potion of mutation]
111116 | Hell     | Lost mutation: You evolve. [potion of mutation]
111116 | Hell     | Lost mutation: You have a pair of small antennae on your
                  | head. [potion of mutation]
111116 | Hell     | Lost mutation: You are surrounded by a mild repulsion
                  | field. (EV +2) [potion of mutation]
111116 | Hell     | Lost mutation: You are partially covered in icy blue
                  | scales. (AC +2) [potion of mutation]
111116 | Hell     | Gained mutation: You are frail. (-10% HP) [potion of
                  | mutation]
111116 | Hell     | Lost mutation: You are weak. (Str -2) [potion of mutation]
111116 | Hell     | Gained mutation: You have sharp toenails. [potion of
                  | mutation]
111117 | Hell     | Lost mutation: Your skin blends seamlessly with your
                  | surroundings (Stealth++). [potion of mutation]
111117 | Hell     | Lost mutation: You have sharp toenails. [potion of
                  | mutation]
111117 | Hell     | Gained mutation: You have sharp fingernails. [potion of
                  | mutation]
111117 | Hell     | Gained mutation: Your mind is acute. (Int +2) [potion of
                  | mutation]
111118 | Hell     | Lost mutation: Your mind is acute. (Int +2) [potion of
                  | mutation]
111118 | Hell     | Lost mutation: You are frail. (-10% HP) [potion of
                  | mutation]
111118 | Hell     | Gained mutation: Your flesh is heat resistant. (rF+)
                  | [potion of mutation]
111118 | Hell     | Lost mutation: You have sharp fingernails. [potion of
                  | mutation]
111118 | Hell     | Gained mutation: You are resistant to hostile enchantments.
                  | (MR+) [potion of mutation]
111118 | Hell     | Gained mutation: You have sharp toenails. [potion of
                  | mutation]
111213 | Pan      | Entered Pandemonium
111284 | Pan      | Got a heavily runed brass ring
111286 | Pan      | Identified the ring of Vothuurch {+Fly rElec Str+2} (You
                  | took it off a skeletal warrior on level 7 of the Iron City
                  | of Dis)
111288 | Pan      | Identified the ring "Vuucebba" {rElec MR+ MP+9} (You
                  | acquired it in Pandemonium)
111322 | Pan      | Gained mutation: You are clumsy. (Dex -2) [a cacodemon]
111390 | Pan      | Reached skill level 10 in Translocations
111397 | Pan      | Noticed Winumesi the pandemonium lord
111401 | Pan      | Killed Winumesi the pandemonium lord
111708 | Pan      | Noticed Xourgh the pandemonium lord
111709 | Pan      | Killed Xourgh the pandemonium lord
112080 | Pan      | Reached skill level 15 in Translocations
112162 | Pan      | Noticed Yrolinoe the pandemonium lord
112166 | Pan      | Killed Yrolinoe the pandemonium lord
112504 | Pan      | Noticed Hagrinio the pandemonium lord
112508 | Pan      | Killed Hagrinio the pandemonium lord
112564 | Pan      | Entered the realm of Cerebov.
112564 | Pan      | Noticed Cerebov
112709 | Pan      | Killed Cerebov
112882 | Pan      | Got a fiery rune of Zot
113009 | Pan      | Identified the +2 helmet of Exzeze {rF++} (You found it in
                  | Pandemonium)
113663 | Pan      | Entered the realm of Gloorx Vloq.
113791 | Pan      | Found an exit through the horrors of the Abyss.
114082 | Pan      | Reached skill level 27 in Dodging
114204 | Pan      | Noticed Gloorx Vloq
114211 | Pan      | Killed Gloorx Vloq
114423 | Pan      | Got a jewelled rapier
114424 | Pan      | Identified the +8 rapier "Nerou" {pain, *Rage Str+3} (You
                  | found it in Pandemonium)
114500 | Pan      | Got a dark rune of Zot
114620 | Pan      | Found an exit through the horrors of the Abyss.
114862 | Pan      | Entered the realm of Mnoleg.
114864 | Pan      | Gained mutation: Scrolls take you a little longer to read.
                  | [a cacodemon]
114979 | Pan      | Gained mutation: Your mind is acute. (Int +2) [a neqoxec]
115115 | Pan      | Gained mutation: You do not regenerate when monsters are
                  | visible. [a neqoxec]
115133 | Pan      | Lost mutation: Your flesh is heat resistant. (rF+) [potion
                  | of mutation]
115133 | Pan      | Lost mutation: Scrolls take you a little longer to read.
                  | [potion of mutation]
115133 | Pan      | Gained mutation: You are robust. (+10% HP) [potion of
                  | mutation]
115547 | Pan      | Noticed Mnoleg
115558 | Pan      | Killed Mnoleg
115635 | Pan      | Got a glowing rune of Zot
115953 | Pan      | Lost mutation: You are clumsy. (Dex -2) [potion of
                  | mutation]
115953 | Pan      | Lost mutation: Your mind is acute. (Int +2) [potion of
                  | mutation]
115953 | Pan      | Lost mutation: You are resistant to hostile enchantments.
                  | (MR+) [potion of mutation]
115953 | Pan      | Lost mutation: You have sharp toenails. [potion of
                  | mutation]
115953 | Pan      | Gained mutation: You are agile. (Dex +2) [potion of
                  | mutation]
115953 | Pan      | Lost mutation: You are robust. (+10% HP) [potion of
                  | mutation]
115953 | Pan      | Gained mutation: You passively map a small area around you.
                  | [potion of mutation]
115966 | Pan      | Learned a level 9 spell: Tornado
115988 | Pan      | Reached skill level 1 in Air Magic
116273 | Pan      | Reached skill level 5 in Air Magic
116501 | Pan      | Noticed a seraph
116508 | Pan      | Killed a seraph
116612 | Pan      | Found a glowing golden altar of the Shining One.
116640 | Pan      | Got a demonic rune of Zot
116650 | Pan      | Got a fine quarterstaff
116651 | Pan      | Identified the +5 quarterstaff "Joupoimp" {freeze, Str+2
                  | Dex+2} (You found it in Pandemonium)
116765 | Depths:4 | Escaped Pandemonium
116783 | Pan      | Entered Pandemonium
116974 | Pan      | Found an exit through the horrors of the Abyss.
117009 | Pan      | Noticed Fiodoo the pandemonium lord
117010 | Pan      | Killed Fiodoo the pandemonium lord
117025 | Pan      | Reached skill level 10 in Air Magic
117144 | Pan      | Noticed Geleun the pandemonium lord
117148 | Pan      | Killed Geleun the pandemonium lord
117251 | Pan      | Found a runed door.
117256 | Pan      | Found a runed door.
117283 | Pan      | Found a runed door.
117284 | Pan      | Found a runed door.
117298 | Pan      | Got an ichor-stained war axe
117299 | Pan      | Identified the +10 war axe "Monlusk" {elec, MR+ MP+9
                  | Stlth+} (You found it in Pandemonium)
117322 | Pan      | Entered the realm of Lom Lobon.
117368 | Pan      | Found an exit through the horrors of the Abyss.
117601 | Pan      | Noticed Lom Lobon
117609 | Pan      | Killed Lom Lobon
117696 | Pan      | Got a magical rune of Zot
118299 | Pan      | Took an exit into the Abyss.
118299 | Abyss:1  | Escaped into the Abyss
118299 | Abyss:1  | Found a corrupted altar of Lugonu.
118458 | Abyss:2  | Found a corrupted altar of Lugonu.
118759 | Abyss:3  | Found a corrupted altar of Lugonu.
118801 | Abyss:3  | Noticed an ancient lich
118806 | Abyss:3  | Killed an ancient lich
118806 | Abyss:3  | Reached skill level 15 in Air Magic
118849 | Abyss:3  | Found a corrupted altar of Lugonu.
119861 | Abyss:4  | Found a glowing golden altar of the Shining One.
119919 | Abyss:4  | Noticed a juggernaut
119927 | Abyss:4  | Killed a juggernaut
119930 | Abyss:4  | Found a glowing golden altar of the Shining One.
119937 | Abyss:4  | Got an abyssal rune of Zot
120086 | Abyss:4  | Gained mutation: Your body sometimes deteriorates upon
                  | taking damage. [a neqoxec]
120172 | Depths:4 | Escaped the Abyss
120334 | D:13     | Bought a potion of mutation for 112 gold pieces
120334 | D:13     | Lost mutation: Your skin changes colour to match your
                  | surroundings (Stealth+). [potion of mutation]
120334 | D:13     | Lost mutation: Your body sometimes deteriorates upon taking
                  | damage. [potion of mutation]
120334 | D:13     | Lost mutation: You are agile. (Dex +2) [potion of mutation]
120334 | D:13     | Gained mutation: You evolve. [potion of mutation]
120334 | D:13     | Gained mutation: Your system is resistant to poisons.
                  | (rPois) [potion of mutation]
120453 | D:7      | Bought a potion of heal wounds for 80 gold pieces
120453 | D:7      | Bought a potion of resistance for 160 gold pieces
120453 | D:7      | Bought a potion of brilliance for 64 gold pieces
120453 | D:7      | Bought a potion of mutation for 128 gold pieces
120453 | D:7      | Bought a potion of heal wounds for 80 gold pieces
120453 | D:7      | Bought a potion of magic for 128 gold pieces
120453 | D:7      | Bought a potion of heal wounds for 80 gold pieces
120453 | D:7      | Bought 2 potions of magic for 256 gold pieces
120453 | D:7      | Lost mutation: Your system is resistant to poisons. (rPois)
                  | [potion of mutation]
120453 | D:7      | Gained mutation: Your muscles are strong. (Str +2) [potion
                  | of mutation]
120453 | D:7      | Gained mutation: Your mind is acute. (Int +2) [potion of
                  | mutation]
120748 | Tar:1    | Entered Level 1 of Tartarus
120957 | Dis:2    | Found a burning altar of Makhleb.
121098 | Dis:7    | Got a crude leather armour
121099 | Dis:7    | Identified the cursed +0 leather armour of the Butterfly
                  | {rN+} (You found it on level 7 of the Iron City of Dis)
121136 | Dis:7    | Got a polished leather armour
121137 | Dis:7    | Identified the +1 leather armour of the Bard {rPois rC+}
                  | (You took it off an iron imp on level 7 of the Iron City of
                  | Dis)
121493 | Orc:2    | Bought a distressingly furry scale mail for 207 gold pieces
121504 | Orc:2    | Identified the +1 scale mail "Ynkyhush" {rF+ Int+2} (You
                  | bought it in a shop on level 2 of the Orcish Mines)
121868 | Vaults:3 | Gained mutation: You are agile. (Dex +2) [evolution]
121941 | Vaults:5 | Got an ichor-stained ring mail
121942 | Vaults:5 | Identified the +4 ring mail of the Good {rElec rCorr Int-3
                  | Dex+7} (You found it on level 5 of the Vaults)
123949 | Tar:3    | Reached skill level 15 in Evocations
123957 | Tar:3    | Reached skill level 5 in Shields
124289 | Tar:7    | Entered Level 7 of Tartarus
124858 | Tar:7    | Noticed Ereshkigal
124865 | Tar:7    | Killed Ereshkigal
124899 | Tar:7    | Got a bone rune of Zot
125961 | Tomb:1   | Entered Level 1 of the Tomb of the Ancients
126050 | Tomb:1   | Noticed a greater mummy
126064 | Tomb:1   | Killed a greater mummy
126067 | Tomb:1   | Noticed a greater mummy
126073 | Tomb:1   | Killed a greater mummy
126077 | Tomb:1   | Noticed a greater mummy
126081 | Tomb:1   | Killed a greater mummy
126493 | Tomb:1   | Noticed a greater mummy
126496 | Tomb:1   | Killed a greater mummy
126745 | Crypt:3  | Learned a level 6 spell: Statue Form
126856 | Tomb:1   | Noticed a greater mummy
126861 | Tomb:1   | Killed a greater mummy
126872 | Tomb:1   | Noticed a greater mummy
126882 | Tomb:1   | Killed a greater mummy
126945 | Tomb:1   | Noticed a greater mummy
126947 | Tomb:1   | Killed a greater mummy
127049 | Tomb:2   | Noticed a greater mummy
127049 | Tomb:2   | Noticed a greater mummy
127049 | Tomb:2   | Noticed a greater mummy
127049 | Tomb:2   | Noticed a greater mummy
127052 | Tomb:2   | Killed a greater mummy
127053 | Tomb:2   | Killed a greater mummy
127053 | Tomb:2   | Killed a greater mummy
127054 | Tomb:2   | Killed a greater mummy
127280 | Tomb:1   | Lost mutation: You passively map a small area around you.
                  | [evolution]
127294 | Tomb:1   | Noticed a greater mummy
127301 | Tomb:1   | Killed a greater mummy
127307 | Tomb:1   | Noticed a greater mummy
127313 | Tomb:1   | Killed a greater mummy
127421 | Tomb:1   | Noticed a greater mummy
127428 | Tomb:1   | Killed a greater mummy
127432 | Tomb:1   | Noticed a greater mummy
127432 | Tomb:1   | Noticed a greater mummy
127781 | Tomb:1   | Noticed a greater mummy
127784 | Tomb:1   | Noticed a greater mummy
127786 | Tomb:1   | Killed a greater mummy
127787 | Tomb:1   | Noticed a greater mummy
127789 | Tomb:1   | Killed a greater mummy
127789 | Tomb:1   | Killed a greater mummy
127789 | Tomb:1   | Noticed a greater mummy
127790 | Tomb:1   | Noticed a greater mummy
127794 | Tomb:1   | Killed a greater mummy
127794 | Tomb:1   | Killed a greater mummy
127803 | Tomb:1   | Noticed a greater mummy
127959 | Tomb:1   | Killed a greater mummy
128172 | Tomb:1   | Killed a greater mummy
128173 | Tomb:1   | Noticed a greater mummy
128265 | Tomb:1   | Killed a greater mummy
128402 | Tomb:1   | Killed a greater mummy
128950 | Tomb:3   | Entered Level 3 of the Tomb of the Ancients
128968 | Tomb:3   | Noticed an ancient lich
128969 | Tomb:3   | Killed an ancient lich
128969 | Tomb:3   | Noticed Boris
128971 | Tomb:3   | Noticed a greater mummy
128971 | Tomb:3   | Noticed a greater mummy
128972 | Tomb:3   | Killed Boris
128972 | Tomb:3   | Noticed a greater mummy
128973 | Tomb:3   | Noticed a greater mummy
128974 | Tomb:3   | Killed a greater mummy
128974 | Tomb:3   | Noticed a greater mummy
128974 | Tomb:3   | Noticed a greater mummy
129179 | Tomb:3   | Killed a greater mummy
129180 | Tomb:3   | Killed a greater mummy
129180 | Tomb:3   | Killed a greater mummy
129184 | Tomb:3   | Killed a greater mummy
129190 | Tomb:3   | Killed a greater mummy
129203 | Tomb:3   | Noticed a greater mummy
129205 | Tomb:3   | Killed a greater mummy
129213 | Tomb:3   | Killed a greater mummy
129216 | Tomb:3   | Lost mutation: Your mind is acute. (Int +2) [the power of
                  | Zot]
129321 | Tomb:3   | Got a pitted golden amulet
129322 | Tomb:3   | Identified the amulet of Xyjoih {Spirit rPois Str-4 Stlth+}
                  | (You found it on level 3 of the Tomb of the Ancients)
129331 | Tomb:3   | Got a pitted jade ring
129332 | Tomb:3   | Identified the ring "Girec" {*Contam +Inv rPois Dex+6
                  | Stlth+} (You found it on level 3 of the Tomb of the
                  | Ancients)
129338 | Tomb:3   | Got a brightly glowing silver ring
129339 | Tomb:3   | Identified the ring "Biogo" {rPois rF+ Str+3 Int-5} (You
                  | found it on level 3 of the Tomb of the Ancients)
129442 | Tomb:3   | Got a golden rune of Zot
130369 | Zot:5    | Got the Orb of Zot
130785 | D:10     | Noticed Poecudot the pandemonium lord
131047 | D:$      | Escaped with the Orb!

Vault maps used:
D:1:      sevenhm_arrival_forest_fort_large_2
D:2:      grunt_gozag_breadcrumbs, gammafunk_temple_overflow_pools,
          kennysheep_generic_room_15, uniq_robin, uniq_natasha,
          uniq_crazy_yiuf_cottage, uniq_terence
D:3:      nemelex_xobeh_ov_fountains_minmay, eat_drink_and_be_merry_uskayaw,
          uniq_sigmund
D:4:      tgw_sif
D:5:      kennysheep_mini, lightli_temple_of_fire, overflow_temple_1_default,
          overflow_temple_1_default, first_ration, grunt_decor_mini_mirrors
D:6:      minmay_temple_entry_fiery, lemuel_altar_in_water2, uniq_menkaure,
          uniq_prince_ribbit1
D:7:      marbit_many_paths, kennysheep_mini_moat, serial_shops, shop,
          hangedman_glass_teeth, sword_in_stone
D:8:      lair_entry_dummy, gammafunk_ghost_arena, uniq_maurice
D:9:      nicolae_overflow_crystal_walls, serial_shops, shop,
          hangedman_little_slice_of_home
D:10:     enter_bailey_2, ebering_ghost_disaster_area, basic_altar, uniq_fannar,
          uniq_snorg
D:11:     orc_0_dummy, uniq_grum
D:12:     minmay_lindwurm_lava
D:13:     grunt_vaults_entry_fortified, serial_shops, nicolae_shop_crystal
D:14:     minmay_misc_feat_room
D:15:     grunt_enter_depths_magical_seal, minmay_ruined_shrine
Lair:1:   basic_altar, grunt_forest_small_clearings, grunt_megastairs_1,
          infiniplex_staircase_pool_2, lemuel_fruit_fields
Lair:2:   minmay_swamp_entry_worms, uniq_sonja
Lair:3:   portal_ice_cave_entry_pillars_1, grunt_megastairs_2
Lair:4:   dummy_spider_entry, minmay_lair_oklob_chamber
Lair:5:   gammafunk_ghost_grave, kilobyte_rumbling_trees
Lair:6:   gammafunk_lair_ancient_temple, minmay_slime_entry_pillars,
          lemuel_fruit_tree
Swamp:1:  cheibrodos_swamp_tower_of_moss, evilmike_swamp_ruin_house_3
Swamp:2:  hangedman_swamp_cone
Swamp:3:  evilmike_swamp_ruin_rubble_2, uniq_louise
Swamp:4:  swamp_old_school, swamp_pool2, hangedman_swamp_lotus
Spider:1: spider_trap
Spider:2: uniq_kirke
Spider:4: floodkiller_spider_rune_tomb, nicolae_spider_stair_cavern
Orc:1:    uniq_josephine
Orc:2:    grunt_orc_cross, serial_shops, nicolae_shop_crystal, roderic_batcave,
          mines2_david
Elf:1:    minmay_elf_arrival_plus, minmay_elf_necromancy, minivault_16,
          uniq_roxanne
Elf:2:    infiniplex_enter_wizlab_spiral, basic_altar,
          nicolae_trove_entry_columns, nicolae_elf_glass_and_crystal_pillar_2,
          uniq_donald
Elf:3:    minmay_elf_hall, serial_shops, nicolae_shop_behind_doors, spider_trap,
          dk_noncrumbling_3, nicolae_elf_stone_circles,
          einodemon_crawler_minivault
Vaults:1: nicolae_vaults_rhombus_7, ontoclasm_vaults_claustrophobia,
          nicolae_vaults_circle_grid_b, nicolae_vaults_rhombus_7,
          nicolae_vaults_meeting, ontoclasm_vaults_pinch,
          vaults_room_semicircle, nicolae_vaults_border_crossing, serial_shops,
          nicolae_shop_stone
Vaults:2: minmay_crypt_entry_vampire_xt, ontoclasm_vaults_fault,
          hangedman_vaults_corner_blocks, vaults_room_large_hall, v_pattern_1,
          nicolae_vaults_network_square, nicolae_vaults_angled_halls,
          nicolae_vaults_shelves_hall
Vaults:3: vaults_room_pools, v_misc_17, nicolae_vaults_three_branches,
          hangedman_vaults_corner_blocks, hangedman_vaults_pinch, v_misc_26,
          grunt_vaults_diagonal, vaults_room_hangedman_quadrants, v_rooms_3,
          hangedman_vaults_stitches, grunt_vaults_focal,
          hangedman_vaults_stretched_pinwheel, vaults_mumra_minichess,
          serial_shops, nicolae_shop_behind_doors, uniq_mara
Vaults:4: ontoclasm_vaults_ring_large, nicolae_vaults_alarming,
          nicolae_vaults_specimen_jars, grunt_vaults_bifocal,
          hangedman_vaults_river_flow, vaults_dpeg_cross, v_misc_4,
          serial_ice_h, dpeg_vaults_waves, v_misc_25, v_misc_25,
          grunt_vaults_swirl, vaults_room_corners, serial_shops, shop_fountains,
          basic_altar, uniq_xtahua
Crypt:2:  uniq_jory
Crypt:3:  david_glass_crypt, nicolae_tomb_entry_rubble_hallway,
          nicolae_crypt_soggy_tomb
Tomb:3:   uniq_boris
Depths:1: hell_entry, rand_demon_pan_entry_5, serial_shops, nicolae_shop_stone,
          shop, shop_coins, shop, hex_medium, minmay_tree_intersection,
          nrook_pool_corridor, kennysheep_generic_room_8
Depths:2: hangedman_pleasuredromes, hell_entry
Depths:3: evilmike_library_of_no_secrets, abyss_entry, grunt_hell_entry_dis_mu,
          grunt_decor_arrowhead, grunt_pan_entry_sceptre,
          minmay_staircase_statues_hall_small
Depths:4: kennysheep_oblong_rooms, serial_shops, statue_bzr, hell_entry,
          abyss_entry, infiniplex_staircase_pillars_1,
          grunt_pan_entry_in_and_out, uniq_mennas, uniq_frederick
Depths:5: grunt_crosshair, enter_ziggurat_a, corexii_corridor_pit, hell_entry,
          ebering_ghost_inner_flame, abyss_entry_crystal, fountainhead,
          grunt_megastairs_4, uniq_saint_roka
Dis:2:    kennysheep_iron_temple, nicolae_dis_lava_storage_tank,
          hangedman_dis_chains
Dis:6:    hangedman_player_shredder
Dis:7:    iron_city_of_dis, nicolae_dis_strange_trophy_room
Geh:1:    hangedman_hellfire_club
Geh:2:    hangedman_generic_boss_arena
Geh:4:    nicolae_geh_sunburst
Geh:7:    geh_grunt_pentagon
Coc:7:    coc_grunt_cove
Tar:3:    grunt_megastairs_3
Tar:6:    nicolae_tar_cuneiform_heaven
Tar:7:    tar_minmay_river
Zot:1:    zot_minivault_5
Zot:3:    lemuel_firehouse, ebering_ghost_gozag
Zot:4:    nzn_random_ring
Zot:5:    nicolae_zot_crop_circle, basic_stair_grate_trap, uniq_tiamat
Abyss:4:  minivault_23, evilmike_abyss_rune_siren_acolytes,
          hangedman_decor_peaks_small
Pan:      lemuel_hall_of_pain, pan_blood_fountain_2, rand_demon_1,
          nicolae_pan_lom_lobonic_2, rand_demon_5, evilmike_mini_pan_3x3,
          nicolae_pan_glass_arcs, nicolae_pan_cerebovesque_2,
          grunt_pan_in_and_out, cerebov, nicolae_pan_cerebovesque_3,
          gloorx_vloq_st, grunt_pan_zigzag, nicolae_pan_sigil_obb, mnoleg,
          evilmike_holy_pan, evilmike_mini_pan_T, rand_demon_7,
          pan_blood_fountain_small, lom_lobon_spiral_st
Bazaar:   bazaar_short_row
Bailey:   bailey_polearm_5, bailey
IceCv:    ice_cave_small_giant
WizLab:   wizlab_iskenderun

Skill      XL: |  1  2  3  4  5  6  7  8  9 10 11 12 13 14 15 16 17 18 19 20 21 22 23 24 25 26 27 |
---------------+----------------------------------------------------------------------------------+-----
Conjurations   | 5 6 7 8 9 10 11 12 13 14 15 16 17 18 19 20 21 22 26 | 26.3
Spellcasting   | 4 5 6 7 9 10 11 12 13 14 16 18 21 22 23 24 25 27 | 27.0
Fighting       | 1 2 3 5 6 7 8 9 10 11 12 13 14 16 17 24 | 24.2
Dodging        | 3 4 6 8 10 11 12 13 14 16 17 27 | 27.0
Shields        | 1 4 9 |  9.2
Earth Magic    | 2 4 6 9 15 18 20 22 | 22.8
Fire Magic     | 4 8 11 12 14 15 17 18 19 20 21 | 21.3
Evocations     | 3 5 23 | 23.7
Armour         | 4 6 11 | 11.1
Necromancy     | 2 5 8 12 18 | 18.5
Staves         | 14 | 14.0
Translocations | 17 | 17.0
Air Magic      | 21 | 21.9
Stealth        | |  2.4

Action                   |  1- 3 |  4- 6 |  7- 9 | 10-12 | 13-15 | 16-18 | 19-21 | 22-24 | 25-27 || total
-------------------------+-------+-------+-------+-------+-------+-------+-------+-------+-------++-------
Melee: Unarmed           |     9 |       |       |       |       |       |       |       |       ||     9
       Dagger            |       |       |    19 |    28 |    53 |    28 |    35 |       |    10 ||   173
       Short sword       |       |       |       |     7 |       |       |       |       |       ||     7
       Staff             |       |       |       |       |    14 |     3 |       |     7 |     7 ||    31
       Quarterstaff      |       |       |       |       |       |       |       |       |   267 ||   267
 Cast: Magic Dart        |    95 |    69 |   172 |   139 |   133 |     5 |     5 |       |       ||   618
       Searing Ray       |     1 |    18 |    69 |   167 |    83 |     2 |     1 |       |       ||   341
       Iskenderun's Myst |       |     2 |    17 |    69 |   122 |    82 |    10 |     1 |       ||   303
       Stone Arrow       |       |       |       |    32 |   202 |   189 |    24 |    83 |    42 ||   572
       Bolt of Magma     |       |       |       |    17 |    89 |   190 |   127 |    94 |    61 ||   578
       Fireball          |       |       |       |       |   190 |   128 |   119 |    27 |     3 ||   467
       Bolt of Fire      |       |       |       |       |    47 |    99 |   102 |   108 |   520 ||   876
       Iron Shot         |       |       |       |       |       |    22 |    99 |    86 |  1310 ||  1517
       Ignition          |       |       |       |       |       |    19 |    11 |    26 |    24 ||    80
       Fire Storm        |       |       |       |       |       |       |    40 |    78 |   481 ||   599
       Regeneration      |       |       |       |       |       |       |       |     2 |   427 ||   429
       Blink             |       |       |       |       |       |       |       |     2 |     5 ||     7
       Sublimation of Bl |       |       |       |       |       |       |       |       |   903 ||   903
       Lehudib's Crystal |       |       |       |       |       |       |       |       |   145 ||   145
       Shatter           |       |       |       |       |       |       |       |       |   522 ||   522
       Orb of Destructio |       |       |       |       |       |       |       |       |    31 ||    31
       Tornado           |       |       |       |       |       |       |       |       |    20 ||    20
       Controlled Blink  |       |       |       |       |       |       |       |       |    13 ||    13
       Statue Form       |       |       |       |       |       |       |       |       |    12 ||    12
Evoke: Wand              |       |       |       |     3 |    13 |    18 |     4 |       |    12 ||    50
       Staff of energy   |       |       |       |       |       |       |       |       |   579 ||   579
  Use: Scroll            |       |       |    10 |    12 |    18 |     7 |    12 |    12 |    60 ||   131
       Potion            |       |       |       |     3 |     9 |     2 |     2 |     1 |    66 ||    83
  Eat: Chunk             |     2 |     6 |     7 |    21 |    57 |    28 |    25 |    34 |    41 ||   221
       Ration            |       |       |     4 |     5 |    11 |    11 |     6 |     4 |    53 ||    94
Armor: Robe              |     2 |     3 |       |    66 |    75 |       |       |       |       ||   146
       Animal skin       |       |     1 |    36 |       |       |       |       |       |       ||    37
       Leather armour    |       |       |       |       |     4 |   100 |       |       |       ||   104
       Troll leather arm |       |       |       |       |       |    27 |    49 |    36 |   279 ||   391
       Ring mail         |       |       |       |       |       |       |       |       |     8 ||     8
       Skin              |       |       |       |       |       |       |       |       |     5 ||     5
Dodge: Dodged            |    20 |    19 |   111 |   403 |   341 |   257 |    92 |    95 |  1095 ||  2433
Block: Buckler           |       |       |     4 |   102 |    95 |    97 |    58 |    69 |    46 ||   471
       Reflection        |       |       |       |       |       |       |     9 |    21 |     1 ||    31
       Other             |       |       |       |       |       |       |       |       |     2 ||     2

Table legend:
 A = Non-vault XP
 B = Vault XP
 C = Vault XP percentage of total XP
 D = Non-vault monster count
 E = Vault monster count
 F = Vault count percentage of total count
                 A         B        C        D         E       F
            +---------+---------+-------+---------+---------+-------
      Total | 2322035 | 1947490 |  45.6 |    3728 |    1631 |  30.4
            +---------+---------+-------+---------+---------+-------
        D:1 |      46 |       2 |   4.2 |      26 |       1 |   3.7
        D:2 |     277 |     157 |  36.2 |      38 |      16 |  29.6
        D:3 |     156 |     208 |  57.1 |      23 |       1 |   4.2
        D:4 |     319 |      37 |  10.4 |      21 |       1 |   4.5
        D:5 |     625 |       0 |   0.0 |      34 |       0 |   0.0
        D:6 |    1053 |     452 |  30.0 |      22 |       2 |   8.3
        D:7 |    1194 |     505 |  29.7 |      21 |       4 |  16.0
        D:8 |    1818 |    2015 |  52.6 |      18 |       7 |  28.0
        D:9 |    2206 |     163 |   6.9 |      24 |       8 |  25.0
       D:10 |    1187 |    2967 |  71.4 |      13 |       3 |  18.8
       D:11 |    5170 |     533 |   9.3 |      43 |       4 |   8.5
       D:12 |    4010 |    2528 |  38.7 |      35 |       4 |  10.3
       D:13 |    8271 |    6489 |  44.0 |      29 |      10 |  25.6
       D:14 |    6793 |       0 |   0.0 |      20 |       0 |   0.0
       D:15 |    4951 |    8271 |  62.6 |      15 |      16 |  51.6
     Lair:1 |    3823 |     192 |   4.8 |      26 |       2 |   7.1
     Lair:2 |    3596 |    1876 |  34.3 |      15 |       6 |  28.6
     Lair:3 |    9976 |       0 |   0.0 |      36 |       0 |   0.0
     Lair:4 |    2442 |    2916 |  54.4 |      13 |       7 |  35.0
     Lair:5 |    4351 |    3232 |  42.6 |      21 |      11 |  34.4
     Lair:6 |    8274 |   10266 |  55.4 |      26 |      29 |  52.7
    Swamp:1 |   14137 |    2194 |  13.4 |      32 |       1 |   3.0
    Swamp:2 |    4486 |       0 |   0.0 |      13 |       0 |   0.0
    Swamp:3 |   13024 |    1639 |  11.2 |      30 |       1 |   3.2
    Swamp:4 |   14516 |   20679 |  58.8 |      27 |      24 |  47.1
   Spider:1 |   11870 |       0 |   0.0 |      34 |       0 |   0.0
   Spider:2 |   10842 |    2992 |  21.6 |      29 |       5 |  14.7
   Spider:3 |   18650 |       0 |   0.0 |      55 |       0 |   0.0
   Spider:4 |   10373 |   33196 |  76.2 |      26 |      71 |  73.2
    Slime:1 |   26667 |       0 |   0.0 |      54 |       0 |   0.0
    Slime:2 |   11492 |       0 |   0.0 |      14 |       0 |   0.0
    Slime:3 |    3533 |       0 |   0.0 |      12 |       0 |   0.0
    Slime:4 |    8876 |       0 |   0.0 |       5 |       0 |   0.0
    Slime:5 |   23483 |   30713 |  56.7 |      42 |      17 |  28.8
      Orc:1 |    2525 |    2851 |  53.0 |      26 |       8 |  23.5
      Orc:2 |    3545 |    7016 |  66.4 |      18 |      43 |  70.5
      Elf:1 |    5619 |    8124 |  59.1 |       7 |      15 |  68.2
      Elf:2 |   17067 |   23378 |  57.8 |      25 |      28 |  52.8
      Elf:3 |   20909 |   42816 |  67.2 |      38 |      32 |  45.7
   Vaults:1 |   47362 |   19630 |  29.3 |      83 |      21 |  20.2
   Vaults:2 |   46790 |    3353 |   6.7 |      87 |      10 |  10.3
   Vaults:3 |   36248 |   33718 |  48.2 |      45 |      39 |  46.4
   Vaults:4 |   23994 |   39170 |  62.0 |      29 |      36 |  55.4
   Vaults:5 |   50880 |  117633 |  69.8 |      60 |      80 |  57.1
    Crypt:1 |   31406 |       0 |   0.0 |      49 |       0 |   0.0
    Crypt:2 |   32900 |    4007 |  10.9 |      53 |       1 |   1.9
    Crypt:3 |   37608 |   33807 |  47.3 |      52 |      19 |  26.8
     Tomb:1 |   14909 |  154635 |  91.2 |      33 |      50 |  60.2
     Tomb:2 |    6458 |   44875 |  87.4 |      17 |      44 |  72.1
     Tomb:3 |   18548 |   96156 |  83.8 |      44 |      60 |  57.7
   Depths:1 |   27646 |    6738 |  19.6 |      44 |       8 |  15.4
   Depths:2 |    7666 |   87533 |  91.9 |      17 |      86 |  83.5
   Depths:3 |   36736 |   24230 |  39.7 |      44 |      23 |  34.3
   Depths:4 |   19615 |   29665 |  60.2 |      23 |      22 |  48.9
   Depths:5 |   93164 |   35133 |  27.4 |      78 |      25 |  24.3
       Hell |   28945 |   37430 |  56.4 |      35 |      62 |  63.9
      Dis:1 |   15815 |       0 |   0.0 |      26 |       0 |   0.0
      Dis:2 |   30626 |   31337 |  50.6 |      74 |      35 |  32.1
      Dis:3 |   37225 |     101 |   0.3 |      50 |       2 |   3.8
      Dis:4 |   25399 |       0 |   0.0 |      42 |       0 |   0.0
      Dis:5 |   39817 |       0 |   0.0 |      69 |       0 |   0.0
      Dis:6 |    6046 |    4192 |  40.9 |      11 |       6 |  35.3
      Dis:7 |   76222 |   91983 |  54.7 |      81 |      58 |  41.7
      Geh:1 |    1054 |       0 |   0.0 |       2 |       0 |   0.0
      Geh:2 |   45695 |    9525 |  17.2 |      93 |       9 |   8.8
      Geh:3 |   17971 |       0 |   0.0 |      38 |       0 |   0.0
      Geh:4 |   20396 |       0 |   0.0 |      40 |       0 |   0.0
      Geh:5 |   26701 |       0 |   0.0 |      34 |       0 |   0.0
      Geh:6 |   23232 |       0 |   0.0 |      42 |       0 |   0.0
      Geh:7 |   71679 |   58395 |  44.9 |     133 |      41 |  23.6
      Coc:1 |   29568 |       0 |   0.0 |      48 |       0 |   0.0
      Coc:2 |    2556 |       0 |   0.0 |       9 |       0 |   0.0
      Coc:3 |   24357 |       0 |   0.0 |      56 |       0 |   0.0
      Coc:4 |   30747 |       0 |   0.0 |      45 |       0 |   0.0
      Coc:5 |   32015 |       0 |   0.0 |      51 |       0 |   0.0
      Coc:6 |   28795 |       0 |   0.0 |      71 |       0 |   0.0
      Coc:7 |   75698 |   86608 |  53.4 |      81 |      64 |  44.1
      Tar:1 |    9486 |       0 |   0.0 |      23 |       0 |   0.0
      Tar:2 |   19085 |       0 |   0.0 |      25 |       0 |   0.0
      Tar:3 |   16064 |    4909 |  23.4 |      13 |       8 |  38.1
      Tar:5 |   12826 |       0 |   0.0 |      22 |       0 |   0.0
      Tar:6 |    4485 |       0 |   0.0 |       5 |       0 |   0.0
      Tar:7 |   72294 |   87268 |  54.7 |      87 |      66 |  43.1
      Zot:1 |   32061 |   13269 |  29.3 |      19 |      10 |  34.5
      Zot:2 |   74500 |    2983 |   3.8 |      51 |       1 |   1.9
      Zot:3 |   52801 |   46390 |  46.8 |      29 |      36 |  55.4
      Zot:4 |   71659 |   32750 |  31.4 |      39 |      19 |  32.8
      Zot:5 |   36798 |  178432 |  82.9 |      23 |      54 |  70.1
    Abyss:1 |    8529 |       0 |   0.0 |       7 |       0 |   0.0
    Abyss:2 |     331 |       0 |   0.0 |       1 |       0 |   0.0
    Abyss:3 |   39217 |       0 |   0.0 |      49 |       0 |   0.0
    Abyss:4 |   67030 |   19929 |  22.9 |     111 |      13 |  10.5
        Pan |  290228 |  249816 |  46.3 |     329 |     136 |  29.2
     Bailey |       0 |    3219 | 100.0 |       0 |      40 | 100.0
      IceCv |       0 |   10597 | 100.0 |       0 |      36 | 100.0
     WizLab |       0 |   29667 | 100.0 |       0 |      34 | 100.0
            +---------+---------+-------+---------+---------+-------
